Workbook

Sheet NGAY THANG
J4: 5
J5: 6
J6: 7
B7: TONG TS | C7: =BCTinhHinhTaiChinh_06105!E41-BCTaiSan_06134!D32 -> 0 | D7: =BCTinhHinhTaiChinh_06105!F41-BCTaiSan_06134!E32 -> 0 | J7: 8
B8: TONG NO | C8: =BCTinhHinhTaiChinh_06105!E74-BCTaiSan_06134!D64 -> 0 | D8: =BCTinhHinhTaiChinh_06105!F74-BCTaiSan_06134!E64 -> 0 | J8: 9
B9: NAV | C9: =BCTinhHinhTaiChinh_06105!E75-BCTaiSan_06134!D65 -> 0 | D9: =BCTinhHinhTaiChinh_06105!F75-BCTaiSan_06134!E65 -> 0 | J9: 10
B10: THU NHAP | C10: =BCThuNhap_06203!F14-BCThuNhap_06203!F18-BCThuNhap_06203!F22-BCKetQuaHoatDong_06135!D14 -> 0 | J10: 11
B11: CHI PHI | C11: =BCThuNhap_06203!F26+BCThuNhap_06203!F31-BCKetQuaHoatDong_06135!D19 -> 0 | D11: =BCThuNhap_06203!G26+BCThuNhap_06203!G31-BCKetQuaHoatDong_06135!F19 -> 0 | J11: 12
B12: THU NHAP CHI PHI | C12: =BCTinhHinhTaiChinh_06105!E80-BCTinhHinhTaiChinh_06105!F80-BCThuNhap_06203!F63 -> 0 | D12: =BCKetQuaHoatDong_06135!D54+BCKetQuaHoatDong_06135!D53-BCThuNhap_06203!F63 -> 0
B13: GIA TRI DANH MUC | C13: =BCDanhMucDauTu_06136!F59-BCTaiSan_06134!D32 -> 0 | D13: =B03_181!D22-BCTinhHinhTaiChinh_06105!E75 -> 0
C17: Năm 2026/Year 2026
C20: Ngày 15 tháng 10 năm 2026 15/10/2026
C21: Tại ngày 30 tháng 09 năm 2026 - As at 30 September 2026
C23: Quý III năm 2026 /Quarter III 2026
C25: Qúy III năm 2026 Quarter III 2026 | D25: Qúy II năm 2026 Quarter II 2026

Sheet Tong quat
B2: BÁO CÁO CHUNG VỀ HOẠT ĐỘNG ĐẦU TƯ CỦA QUỸ ETF ETF
C4: Kỳ báo cáo: | D4: Tháng
C5: Tháng/Quý: | D5: 1
C6: Năm: | D6: 2025 | J6: Tháng
J7: Quý
A8: Tên Công ty quản lý quỹ: Công Ty TNHH Quản Lý Quỹ SSI | J8: Năm
A9: Tên Ngân hàng giám sát: Ngân hàng TMCP Đầu tư và Phát triển Việt Nam - Chi nhánh Hà Thành
A10: Tên Quỹ: Quỹ ETF SSIAM VNX50 | J10: 1 | K10: I
A11: Ngày lập báo cáo: Ngày 04 tháng 02 năm 2025 | J11: 2 | K11: II
J12: 3 | K12: III
J13: 4 | K13: IV
D14: Thông tư số 229/2012/TT-BTC, Phụ lục số 18 | J14: 5
J15: 6
J16: 7
B17: STT | C17: Nội dung | D17: Tên sheet | J17: 8
B18: 1 | C18: Báo cáo về tài sản của quỹ | D18: BCTaiSan_06134 | J18: 9
B19: 2 | C19: Báo cáo kết quả hoạt động | D19: BCKetQuaHoatDong_06135 | J19: 10
B20: 3 | C20: Báo cáo danh mục đầu tư của quỹ | D20: BCDanhMucDauTu_06136 | J20: 11
B21: 4 | C21: Một số chỉ tiêu khác | D21: Khac_06137 | J21: 12
B24: Ghi chú | C24: Không đổi tên sheet
C25: Những chỉ tiêu không có số liệu có thể không phải trình bày nhưng không được đánh lại “Mã chỉ tiêu”.
B31: Đại diện có thẩm quyền của | D31: (Tổng) Giám đốc
B32: ngân hàng giám sát | D32: công ty quản lý quỹ
B33: (Ký, ghi rõ họ tên và đóng dấu) | D33: (Ký, ghi rõ họ tên và đóng dấu)

Sheet BCLCGT_06262
A1: Mẫu số B05g - QM. Báo cáo lưu chuyển tiền tệ Template B05g - QM. Cash flow statement
A2: (Ban hành kèm theo Thông tư số 181/2015/TT-BTC ngày 13 tháng 11 năm 2015 của Bộ Tài chính hướng dẫn thành lập và quản lý quỹ hoán đổi danh mục) (Issued in association with Circular 181/2015/TT-BTC guiding establishment and management of Exchange Traded Fund)
A3: BÁO CÁO LƯU CHUYỂN TIỀN TỆ CASH FLOW STATEMENT
A5: Quý III năm 2026 /Quarter III 2026
A7: Tên Công ty quản lý quỹ: | B7: Công ty Cổ phần Quản lý Quỹ Việt Cát
A8: Management Fund Company: | B8: Vietnam Fortune Fund Management JSC
A9: Tên ngân hàng giám sát: | B9: Ngân Hàng TMCP Đầu tư và Phát triển Việt Nam - Chi nhánh Hà Thành
A10: Supervising bank: | B10: Bank for Investment and Development of Vietnam Jsc - Hathanh Branch
A11: Tên Quỹ: | B11: QUỸ ETF VFCVN DIAMOND
A12: Fund name: | B12: VFCVN DIAMOND ETF
A13: Mã Chứng Khoán | B13: FUETPVND
A14: Code | B14: FUETPVND
A15: Ngày lập báo cáo: | B15: Ngày 15 tháng 10 năm 2026 15/10/2026
A16: Reporting Date:
A18: Chỉ tiêu Indicator | B18: Mã số Code | C18: Thuyết minh Note | D18: Qúy III năm 2026 Quarter III 2026 | E18: Qúy II năm 2026 Quarter II 2026
A19: I. Lưu chuyển tiền từ hoạt động đầu tư Cash flow from investing activities | B19: I
A20: 1. Lợi nhuận trước Thuế thu nhập doanh nghiệp Profit before income tax | B20: 01 | D20: -5086963247 | E20: -1322424621
A21: 1.1 Lợi nhuận trước Thuế thu nhập doanh nghiệp Net loss before corporate income tax | B21: 01.1 | D21: -5086963247 | E21: -1322424621
A22: 2. Điều chỉnh cho các khoản tăng giá trị tài sản ròng từ các hoạt động đầu tư Adjustment for NAV increase from investing activities | B22: 02 | D22: 5046095700 | E22: 1567883545
A23: (- lãi) hoặc (+ lỗ) chênh lệch tỷ giá hối đoái/ đánh giá lại các khoản đầu tư chưa thực hiện Unreliased Gain or (Loss) from FX valuation/Investment revaluation | B23: 02.1 | D23: 5046095700 | E23: 1567883545
A24: (+) chi phí trích trước Increase of Accrued Expenses | B24: 02.2
A25: Điều chỉnh lỗ/(lợi nhuận) do việc mua hộ chứng khoán hạn chế Adjustments for (gain)/loss from buying Restricted Securities | B25: 02.3
A26: Điều chỉnh lỗ/(lợi nhuận) do việc mua lại chứng chỉ quỹ Adjustments for (gain)/loss from redemption activities | B26: 0.24 | D26: 0 | E26: 0
A27: 3. Lợi nhuận từ hoạt động đầu tư trước thay đổi vốn lưu động Profit from investing activities before changes in working capital | B27: 05 | D27: -40867547 | E27: 245458924
A28: (-) Tăng (+) giảm đầu tư (Increase), Decrease Investments | B28: 20 | D28: -171000000 | E28: 823247405
A29: (-) Tăng, (+) giảm phải thu bán chứng khoán đầu tư (Increase), Decrease in Receivables from investments sold but not yet settled | B29: 06 | D29: 0 | E29: 0
A30: (-) Tăng, (+) giảm dự thu phải thu tiền lãi các khoản đầu tư (Increase), Decrease in Dividend and interest receivables | B30: 07 | D30: 0 | E30: 36500000
A31: (-) Tăng, (+) giảm các khoản phải thu khác (Increase), Decrease in other receivables | B31: 08 | D31: 8628497 | E31: 7916716
A32: (+) Tăng, (-) giảm vay ngắn hạn Increase, (Decrease) in Short term Loans | B32: 09
A33: (+) Tăng, (-) giảm phải trả cho người bán (Decrease), Increase in payables for securities purchased but not yet settled | B33: 10 | D33: 0 | E33: 0
A34: (+) Tăng, (-) giảm phải trả các Đại lý phân phối Chứng chỉ quỹ, Công ty Quản lý Quỹ (Decrease)/increase in subscription and redemption fee payable to distributors and Fund Management Company | B34: 11 | D34: 0 | E34: 0
A35: (+) Tăng, (-) giảm phải trả thu nhập cho Nhà đầu tư Increase, (Decrease) profit distribution payables | B35: 12 | D35: 0 | E35: 0
A36: (+) Tăng, (-) giảm Thuế và các khoản phải nộp Nhà nước Increase, (Decrease) Tax payables and obligations to the State Budget | B36: 13 | D36: 0 | E36: 0
A37: (+) Tăng, (-) giảm phải trả cho Nhà đầu tư về mua Chứng chỉ quỹ Increase, (Decrease) Subscription Suspense Payable | B37: 14 | D37: 0 | E37: 0
A38: (+) Tăng, (-) giảm phải trả cho Nhà đầu tư về mua lại Chứng chỉ quỹ Increase, (Decrease) Redemption payable | B38: 15 | D38: 0 | E38: 0
A39: (+) Tăng, (-) giảm phải trả, phải nộp khác Increase, (Decrease) Other payables | B39: 16 | D39: -24681438 | E39: 21739498
A40: (+) Tăng, (-) giảm Phải trả dịch vụ quản lý Quỹ mở Increase, (Decrease) Fund management related service expense payable | B40: 17 | D40: 59192221 | E40: -121024450
A41: (+) Tăng, (-) giảm Thuế Thu nhập doanh nghiệp đã nộp Increase, (Decrease) Income Tax Payment | B41: 18
A42: Lưu chuyển tiền thuần từ hoạt động đầu tư (1+2+3) Net Cash flow from Investing activities | B42: 19 | D42: -168728267 | E42: 1013838093
A43: II. Lưu chuyển tiền từ hoạt động tài chính Cash flow from financing activities | B43: II | D43: 0 | E43: 0
A44: 1. Tiền thu từ phát hành Chứng chỉ quỹ ETF Receipts from subscriptions | B44: 31 | D44: 0 | E44: 0
A45: 2. Tiền chi mua lại Chứng chỉ quỹ ETF Payments for redemptions | B45: 32
A46: 3. Tiền vay gốc Principal of Loans | B46: 33
A47: 4. Tiền chi trả nợ gốc vay Payment of Principal loans | B47: 34
A48: 5. Tiền chi trả cổ tức, tiền lãi cho nhà đầu tư Dividend, profit distribution payment | B48: 35
A49: 6. Tiền thay thế chứng khoán bị hạn chế đầu tư Receipts from subscriptions | B49: 36
A50: 7. Tiền trả NĐT Bán Chứng khoán hạn chế | B50: 37
A51: Lưu chuyển tiền thuần từ hoạt động tài chính (1+2+3+4+5) Net cash outflows from financing activities | B51: 30 | D51: 0 | E51: 0
A52: III. Tăng/giảm tiền thuần trong kỳ Net Increase/Decrease in cash and cash equivalent for the period | B52: 40 | D52: -168728267 | E52: 1013838093
A53: IV. Tiền và các khoản tương đương tiền đầu kỳ Cash and cash equivalents at the beginning of period | B53: 50 | D53: 1038546632 | E53: 24708539
A54: Tiền gửi ngân hàng đầu kỳ: Cash at bank of the beginning of period | B54: 51 | D54: 1038546632 | E54: 24708539
A55: - Tiền gửi ngân hàng cho hoạt động của Quỹ Cash at bank for Fund's operation | B55: 52 | D55: 1038546632 | E55: 24708539
A56: - Tiền gửi cho hoạt động mua bán của nhà đầu tư Cash at bank for Fund's subscription/redemption | B56: 53
A57: - Tiền gửi phong tỏa Frozen Account | B57: 54
A58: V. Tiền và các khoản tương đương tiền cuối kỳ Cash and cash equivalents at the end of period | B58: 55 | D58: 869818365 | E58: 1038546632
A59: Tiền gửi ngân hàng cuối kỳ: Cash at bank of the end of period | B59: 56 | D59: 869818365 | E59: 1038546632
A60: - Tiền gửi ngân hàng cho hoạt động của Quỹ Cash at bank for Fund's operation | B60: 57 | D60: 869818365 | E60: 1038546632
A61: - Tiền gửi cho hoạt động mua bán của nhà đầu tư Cash at bank for Fund's subscription/redemption | B61: 58 | D61: 0 | E61: 0
A62: - Tiền gửi phong tỏa Frozen Account | B62: 59
A63: VI. Thay đổi Tiền và các khoản tương đương tiền trong kỳ Changes in cash and cash equivalents in the period | B63: 60 | D63: -168728267 | E63: 1013838093
A64: Khác Other | B64: 80 | D64: 0 | E64: 0
A68: Người lập biểu (Ký, họ tên) | B68: Người duyệt (Ký, họ tên) | D68: Kế toán trưởng (Ký, họ tên) | E68: Tổng giám đốc (Ký, họ tên, đóng dấu)

Sheet BCThuNhap_06203
B1: Mẫu số B01 - ETF. Báo cáo thu nhập Template B01 - ETF. Statement of Comprehensive Income
B2: (Ban hành kèm theo Thông tư số 181/2015/TT-BTC ngày 13 tháng 11 năm 2015 của Bộ Tài chính hướng dẫn thành lập và quản lý quỹ hoán đổi danh mục) (Issued in association with Circular 181/2015/TT-BTC guiding establishment and management of Exchange Traded Fund)
B3: BÁO CÁO THU NHẬP STATEMENT OF COMPREHENSIVE INCOME
B4: Quý III năm 2026 /Quarter III 2026
B6: 1. | C6: Tên công ty quản lý quỹ: Management Fund Company name: | D6: Công ty Cổ phần Quản lý Quỹ Việt Cát Vietnam Fortune Fund Management JSC
B7: 2. | C7: Tên ngân hàng giám sát: Supervising bank: | D7: Ngân Hàng TMCP Đầu tư và Phát triển Việt Nam - Chi nhánh Hà Thành Bank for Investment and Development of Vietnam Jsc - Hathanh Branch
B8: 3. | C8: Tên Quỹ: Fund name: | D8: QUỸ ETF VFCVN DIAMOND VFCVN DIAMOND ETF
B9: 4. | C9: Mã Chứng Khoán Code | D9: FUETPVND FUETPVND
B10: 5. | C10: Ngày lập báo cáo: Reporting Date: | D10: Ngày 15 tháng 10 năm 2026 15/10/2026
I11: Đơn vị tính/Currency: VND
B12: TT / NO | C12: CHỈ TIÊU/ INDICATORS | D12: MÃ SỐ / CODE | F12: NĂM BÁO CÁO/ THIS YEAR | H12: NĂM TRƯỚC/ LAST YEAR
F13: KỲ BÁO CÁO/ THIS PERIOD | G13: LŨY KẾ TỪ ĐẦU NĂM ĐẾN CUỐI KỲ BÁO CÁO/ ACCUMULATED FROM THE BEGINNING OF THIS YEAR | H13: CÙNG KỲ NĂM TRƯỚC/ SAME PERIOD LAST YEAR | I13: LŨY KẾ TỪ ĐẦU NĂM ĐẾN CUỐI KỲ NÀY NĂM TRƯỚC/ ACCUMULATED FROM THE BEGINNING OF LAST YEAR
B14: I. | C14: THU NHẬP, DOANH THU HOẠT ĐỘNG ĐẦU TƯ INVESTMENT INCOME | D14: 01 | F14: -4749924811 | G14: -8860277811 | H14: 8282165520 | I14: 8282165520
A15: PL01 | B15: 1.1 | C15: Cổ tức được chia Dividend income | D15: 02 | F15: 295650000 | G15: 1051810000 | H15: 2176598400 | I15: 2176598400
A16: PL02 | B16: 1.2 | C16: Tiền lãi được nhận Interest income | D16: 03 | F16: 520889 | G16: 999539 | H16: 2535120 | I16: 2535120
A17: PL02.1 | B17: 1.3 | C17: Thu nhập từ Trái tức Income from Bond Coupon
A18: PL03 | B18: 1.4 | C18: Lãi (lỗ) bán các khoản đầu tư Realized gain (losses) from disposal investments | D18: 04 | G18: -63042455
C19: Lãi (lỗ) bán các khoản đầu tư Realized gain (losses) from disposal investments | G19: -63042455
C20: Lãi (lỗ) trong giao dịch hoán đổi chứng chỉ quỹ Realized gain (losses) from exchange trade fund certificate
C21: Lãi (lỗ) giao dịch chứng khoán hạn chế trong giao dịch hoán đổi chứng chỉ quỹ
A22: PL04 | B22: 1.5 | C22: Chênh lệch tăng, giảm đánh giá lại các khoản đầu tư chưa thực hiện Unrealized gain (losses) from investment revaluation | D22: 05 | F22: -5046095700 | G22: -9850044895 | H22: 6103032000 | I22: 6103032000
A23: PL05 | B23: 1.6 | C23: Doanh thu khác Other income | D23: 06
A24: PL06 | B24: 1.7 | C24: Chênh lệch lãi, lỗ tỷ giá hối đoái đã và chưa thực hiện Realized and unrealized gain (losses) from foreign exchange | D24: 07
B25: 1.8 | C25: Doanh thu khác về đầu tư Other investment income | D25: 08
B26: II. | C26: CHI PHÍ ĐẦU TƯ INVESTMENT EXPENSE | D26: 10 | G26: 6225718
A27: PL09 | B27: 2.1 | C27: Chi phí giao dịch mua, bán các khoản đầu tư Expense for purchasing and selling investments | D27: 11 | G27: 6225718
A28: PL09.1 | C28: Phí môi giới Brokerage fee | D28: 11.1 | G28: 6225718
C29: Chi phí thanh toán bù trừ Clearing Settlement Fee | D29: 11.2
A30: PL13 | B30: 2.2 | C30: Chi phí đầu tư khác Other investments expense | D30: 15
B31: III. | C31: CHI PHÍ HOẠT ĐỘNG CỦA QUỸ OPERATING EXPENSE | D31: 20 | F31: 337038436 | G31: 1034894934 | H31: 228208024 | I31: 228208024
A32: PL14 | B32: 3.1 | C32: Phí quản lý Quỹ Management fee | D32: 20.1 | F32: 92630717 | G32: 296145580 | H32: 55020528 | I32: 55020528
B33: 3.2 | C33: Phí dịch vụ lưu ký tài sản Quỹ Custodian fee | D33: 20.2 | F33: 61289822 | G33: 185854480 | H33: 33949320 | I33: 33949320
A34: PL15.1 | C34: Phí dịch vụ lưu ký - bảo quản tài sản Custodian service - Safekeeping fee | D34: 20.2.1 | F34: 60000000 | G34: 180000000 | H34: 33548387 | I34: 33548387
A35: PL15.2 | C35: Phí dịch vụ lưu ký - giao dịch thanh toán bù trừ chứng khoán Custodian service - Transaction fee | D35: 20.2.2 | G35: 2054487
C36: Phí dịch vụ lưu ký - giao dịch hoán đổi Custodian service - Transaction fee for exchange traded transaction | D36: 20.2.3
C37: Phí dịch vụ lưu ký tại VSD Custodian service - VSD fee | D37: 20.2.4 | F37: 1289822 | G37: 3799993 | H37: 400933 | I37: 400933
A38: PL16 | B38: 3.3 | C38: Phí dịch vụ giám sát Supervising fee | D38: 20.3 | F38: 16500000 | G38: 49500000 | H38: 9225806 | I38: 9225806
A39: PL17 | B39: 3.4 | C39: Phí dịch vụ quản trị Quỹ Fund administrative fee | D39: 20.4 | F39: 49500000 | G39: 148500000 | H39: 27677419 | I39: 27677419
A40: PL18 | B40: 3.5 | C40: Phí dịch vụ đại lý chuyển nhượng Transfer agent fee | D40: 20.5 | F40: 33000000 | G40: 99000000 | H40: 9225806 | I40: 9225806
B41: 3.6 | C41: Phí dịch vụ khác của Nhà cung cấp dịch vụ cho Quỹ Other service fees | D41: 20.6 | F41: 23678756 | G41: 75602027 | H41: 63657532 | I41: 63657532
A42: PL20 | B42: 3.7 | C42: Chi phí họp, Đại hội Quỹ Meeting and General Meeting expense | D42: 20.7
A43: PL21 | B43: 3.8 | C43: Chi phí kiểm toán Audit expense | D43: 20.8 | F43: 19055329 | G43: 56544644
A44: PL22 | B44: 3.9 | C44: Chi phí thanh lý tài sản Quỹ Asset disposal expense | D44: 20.9
A45: PL23 | B45: 3.10 | C45: Chi phí hoạt động khác Other operating expense | D45: 20.10 | F45: 41383812 | G45: 123748203 | H45: 29451613 | I45: 29451613
A46: PL23.5 | C46: Phí thiết lập quỹ Establishment fee | D46: 20.10.1
C47: Phí niêm yết, phí đăng ký chứng khoán Listing fee | D47: 20.10.2 | H47: 11000000 | I47: 11000000
C48: Phí ngân hàng Bank charges | D48: 20.10.3 | F48: 66000 | G48: 66000
C49: Phí thiết kế, in ấn, gửi thư… Designing, prining, posting... expense | D49: 20.10.4
C50: Thù lao ban đại diện Quỹ Remuneration of Fund's Board of Representatives | D50: 20.10.5 | F50: 33000000 | G50: 99000000 | H50: 18451613 | I50: 18451613
C51: Chi phí họp và chi phí công tác của ban đại diện Fund's Board of Representatives meeting expense & travelling expense | D51: 20.10.6
C52: Phí quản lý thường niên phải trả cho UBCKNN, HOSE Annual management fee paid to SSC, listing fee to HOSE | D52: 20.10.7 | F52: 8317812 | G52: 24682203
C53: Phí thực hiện quyền trả cho VSD Expenses for getting the list of investors from VSD | D53: 20.10.10
A54: PL23.7 | C54: Chi phí khác Other expenses | D54: 20.10.8
B55: IV | C55: KẾT QUẢ HOẠT ĐỘNG ĐẦU TƯ GAIN (LOSSES) FROM INVESTMENT (23 = 01-10-20) | D55: 23 | F55: -5086963247 | G55: -9901398463 | H55: 8053957496 | I55: 8053957496
B56: V | C56: KẾT QUẢ THU NHẬP VÀ CHI PHÍ KHÁC OTHER INCOME AND EXPENSE | D56: 24
A57: PL24 | B57: 5.1 | C57: Thu nhập khác Other income | D57: 24.1
A58: PL25 | B58: 5.2 | C58: Chi phí khác Other expense | D58: 24.2
B59: VI | C59: TỔNG LỢI NHUẬN KẾ TOÁN TRƯỚC THUẾ PROFIT BEFORE TAX (30=23+24) | D59: 30 | F59: -5086963247 | G59: -9901398463 | H59: 8053957496 | I59: 8053957496
B60: 6.1 | C60: Lợi nhuận/(lỗ) đã thực hiện Realized profit (losses) | D60: 31 | F60: -40867547 | G60: -51353568 | H60: 1950925496 | I60: 1950925496
A61: PL04 | B61: 6.2 | C61: Lợi nhận/(lỗ) chưa thực hiện Unrealized profit (losses) | D61: 32 | F61: -5046095700 | G61: -9850044895 | H61: 6103032000 | I61: 6103032000
B62: VII | C62: CHI PHÍ THUẾ TNDN CORPORATE INCOME TAX | D62: 40
B63: VIII | C63: LỢI NHUẬN KẾ TOÁN SAU THUẾ TNDN PROFIT AFTER TAX (41=30-40) | D63: 41 | F63: -5086963247 | G63: -9901398463 | H63: 8053957496 | I63: 8053957496
B66: Người lập biểu (Ký, họ tên) | D66: Người duyệt (Ký, họ tên) | G66: Kế toán trưởng (Ký, họ tên) | H66: Tổng giám đốc (Ký, họ tên, đóng dấu)

Sheet BCTinhHinhTaiChinh_06105
A1: Mẫu số B02 - ETF. Báo cáo tình hình tài chính Template B02 - ETF. Statement of Financial Position
A2: (Ban hành kèm theo Thông tư số 181/2015/TT-BTC ngày 13 tháng 11 năm 2015 của Bộ Tài chính hướng dẫn thành lập và quản lý quỹ hoán đổi danh mục) (Issued in association with Circular 181/2015/TT-BTC guiding establishment and management of Exchange Traded Fund)
A3: BÁO CÁO TÌNH HÌNH TÀI CHÍNH STATEMENT OF FINANCIAL POSITION
A4: Tại ngày 30 tháng 09 năm 2026 - As at 30 September 2026
A6: 1. | B6: Tên công ty quản lý quỹ: Management Fund Company name: | C6: Công ty Cổ phần Quản lý Quỹ Việt Cát Vietnam Fortune Fund Management JSC
A7: 2. | B7: Tên ngân hàng giám sát: Supervising bank: | C7: Ngân Hàng TMCP Đầu tư và Phát triển Việt Nam - Chi nhánh Hà Thành Bank for Investment and Development of Vietnam Jsc - Hathanh Branch
A8: 3. | B8: Tên Quỹ: Fund name: | C8: QUỸ ETF VFCVN DIAMOND VFCVN DIAMOND ETF
A9: 4. | B9: Mã Chứng Khoán Code | C9: FUETPVND FUETPVND
A10: 5. | B10: Ngày lập báo cáo: Reporting Date: | C10: Ngày 15 tháng 10 năm 2026 15/10/2026
F11: Đơn vị tính/Currency: VND
A12: STT/ NO | B12: CHỈ TIÊU/ INDICATORS | C12: Mã số | D12: Thuyết minh | E12: KỲ BÁO CÁO/ THIS PERIOD | F12: KỲ TRƯỚC/ LAST PERIOD
A13: I. | B13: TÀI SẢN ASSETS
A14: 1. | B14: Tiền gửi ngân hàng và các khoản tương đương tiền Cash at bank and cash equivalent | C14: 110 | E14: 869818365 | F14: 1038546632 | G14: 307545922 | H14: 562272443
A15: 1.1 | B15: Tiền gửi ngân hàng cho hoạt động của Quỹ Cash at bank for Fund's operation | C15: 111 | E15: 869818365 | F15: 1038546632 | G15: 307545921 | H15: 562272444
A16: 1.2 | B16: Tiền gửi của nhà đầu tư cho hoạt động mua chứng chỉ quỹ Cash at bank for Fund's subscription | C16: 112 | G16: 1 | H16: -1
A17: 2. | B17: Các khoản đầu tư thuần Investments | C17: 120 | E17: 54489120300 | F17: 59364216000 | G17: 64991412600 | H17: -10502292300
A18: 2.1 | B18: Các khoản đầu tư Investments | C18: 121 | E18: 54489120300 | F18: 59364216000 | G18: 64991412600 | H18: -10502292300
B19: Cổ phiếu Shares | C19: 121.1 | E19: 54489120300 | F19: 59364216000 | G19: 64991412600 | H19: -10502292300
B20: Trái phiếu Bonds | C20: 121.2 | H20: 0
B21: Quyền mua Rights | C21: 121.3 | H21: 0
B22: Tiền gửi có kỳ hạn hơn 3 tháng Deposit greater than 3 months | C22: 121.4 | H22: 0
B23: Chứng chỉ tiền gửi ghi danh Registered Deposit Certificate | C23: 121.5 | H23: 0
B24: Đầu tư khác Other Investments | C24: 121.6 | H24: 0
A25: 2.2 | B25: Dự phòng giảm giá tài sản nhận thế chấp Impairment of devaluation of assets as pledge | C25: 122 | H25: 0
A26: 3. | B26: Các khoản phải thu Receivables | C26: 130 | E26: 8317797 | F26: 16946294 | H26: 8317797
A27: 3.1 | B27: Phải thu về bán các khoản đầu tư Receivables from investments sold but not yet settled | C27: 131 | H27: 0
B28: Trong đó: Phải thu khó đòi về bán các khoản đầu tư In which: Overdue receivables from selling investments | C28: 132 | H28: 0
A29: 3.2 | B29: Phải thu và dự thu cổ tức, tiền lãi các khoản đầu tư Dividend and interest receivables | C29: 133 | H29: 0
A30: 3.2.1 | B30: Phải thu cổ tức, tiền lãi đến ngày nhận Dividend and interest receivables | C30: 134 | H30: 0
B31: Trong đó: Phải thu khó đòi về cổ tức, tiền lãi đến ngày nhận nhưng chưa nhận được In which: Overdue receivables from dividend, interest income | C31: 135 | H31: 0
A32: 3.2.2 | B32: Dự thu cổ tức, tiền lãi chưa đến ngày nhận Accrual dividend, interest income | C32: 136 | H32: 0
B33: Dự thu cổ tức Dividend receivables | C33: 136.1 | H33: 0
B34: Dự thu trái tức Receivables from bond coupon | H34: 0
A35: 3.3 | B35: Các khoản phải thu khác Other receivables | C35: 137 | E35: 8317797 | F35: 16946294 | H35: 8317797
B36: Dự thu lãi tiền gửi - tiền gửi có kỳ hạn không quá 3 tháng Interest receivables from term-deposit less than 3 months | C36: 137.1 | H36: 0
B37: Trả trước phí tổ chức đại hội thường niên Prepaid expense for AGM organization | C37: 137.2 | H37: 0
B38: Các khoản đặt cọc và ứng trước Deposit suspense | C38: 137.3 | E38: 8317797 | F38: 16635609 | H38: 8317797
B39: Phải thu khác Other receivables | C39: 137.4 | F39: 310685 | H39: 0
A40: 3.4 | B40: Dự phòng nợ phải thu khó đòi (*) Provision for doubtful debt | C40: 138 | H40: 0
B41: TỔNG TÀI SẢN TOTAL ASSETS | C41: 200 | E41: 55367256462 | F41: 60419708926 | G41: 65298958522 | H41: -9931702060
A42: II. | B42: NỢ PHẢI TRẢ TOTAL LIABILITIES | C42: II
A43: 1. | B43: Vay ngắn hạn Shorterm loans | C43: 311
A44: 2. | B44: Phải trả về mua các khoản đầu tư Payables for securities bought but not yet settled | C44: 312
A45: 3. | B45: Phải trả phí phát hành, mua lại chứng chỉ quỹ cho Đại lý phân phối và công ty quản lý quỹ Subscription and Redemption fee payable to distributors and fund management company | C45: 313
A46: 4. | B46: Thuế và các khoản phải nộp Nhà nước Tax payables and obligations to the State Budget | C46: 314
A47: 5. | B47: Phải trả thu nhập cho Nhà đầu tư Profit distribution payables | C47: 315
B48: Phải trả nhà đầu tư trên tài sản giữ hộ Payables to investors for investment bought on behalf | C48: 315.1
B49: Phải trả nhà đầu tư trên cổ tức đã thu Payables to investors for collected dividend | C49: 315.2
A50: 6. | B50: Chi phí phải trả Expense Accuals | C50: 316 | E50: 51744644 | F50: 33000000 | G50: 54600000
B51: Phải trả phí môi giới Brokerage fee payable | C51: 316.1
B52: Trích trước phí kiểm toán Expense accruals- Audit fee | C52: 316.2 | E52: 18744644 | G52: 21600000
B53: Trích trước phí họp đại hội Expense accruals - General meeting | C53: 316.3
B54: Trích trước thù lao ban đại diện quỹ Expense accruals - Remuneration Payable to Fund's Board of Representatives | C54: 316.4 | E54: 33000000 | F54: 33000000 | G54: 33000000
B55: Trích trước chi phí họp và chi phí công tác của ban đại diện Accrual for Board of Representatives meeting expense & travelling expense | C55: 316.5
B56: Trích trước phí báo cáo thường niên Expense accruals for Annual report | C56: 316.6
A57: 7 | B57: Phải trả cho Nhà đầu tư về mua Chứng chỉ quỹ Subscription Suspense Payable | C57: 317
A58: 8 | B58: Phải trả cho Nhà đầu tư về mua lại Chứng chỉ quỹ Redemption payable | C58: 318
A59: 9 | B59: Phải trả dịch vụ quản lý Quỹ ETF Fund management related service expense payable | C59: 319 | E59: 126040753 | F59: 85593176 | G59: 88581906
A60: 9.1 | B60: Trích trước phải trả phí quản lý Expense accruals for Management fee | C60: 319.1 | E60: 30183251 | F60: 32181236 | G60: 35166971
A61: 9.2 | B61: Phải trả phí lưu ký Custodian fee payables | C61: 319.2 | E61: 40857502 | F61: 20411940 | G61: 20414935
B62: Trích trước phải trả phí dịch vụ lưu ký Expense accruals for Custodian service | C62: 319.2.1 | E62: 40000000 | F62: 20000000 | G62: 20000000
B63: Trích trước phí dịch vụ lưu ký - giao dịch chứng khoán Expense accruals for Custodian service - Transaction fee | C63: 319.2.2 | E63: 857502 | F63: 411940 | G63: 414935
A64: 9.3 | B64: Trích trước phí giám sát Expense accruals for Supervising fee | C64: 319.3 | E64: 11000000 | F64: 5500000 | G64: 5500000
A65: 9.4 | B65: Trích trước phí quản trị quỹ Expense accruals for Fund administration fee | C65: 319.4 | E65: 33000000 | F65: 16500000 | G65: 16500000
A66: 9.5 | B66: Trích trước phí dịch vụ đại lý chuyển nhượng Expense accruals for Tranfer agency fee | C66: 319.5 | E66: 11000000 | F66: 11000000 | G66: 11000000
A67: 10 | B67: Phải trả, phải nộp khác Other payables | C67: 320 | E67: 20852178 | F67: 45533616 | G67: 85759266
B68: Phải trả phí thiết lập quỹ ban đầu Fund initial set-up fee payables | C68: 320.1
B69: Phải trả phí giao dịch chứng khoán hộ nhà đầu tư Transaction fee Payables on behalf of investors | C69: 320.2
B70: Dự chi phí cung cấp dịch vụ tính giá trị tài sản ròng tham chiếu (iNAV) cho HOSE Accrual expenses payable to HOSE for iNAV calculation | C70: 320.3 | E70: 8020071 | F70: 17512930 | G70: 9060203
B71: Dự chi phí cấp quyền sử dụng chỉ số cho HOSE Accrual expenses payable to HOSE for Index usage | C71: 320.4 | E71: 12832107 | F71: 28020686 | G71: 76699063
B72: Phải trả phí quản lý thường niên cho UBCKNN Annual management fee paid to SSC | C72: 320.5
B73: Phải trả khác Other payable | C73: 320.6
B74: TỔNG NỢ PHẢI TRẢ TOTAL LIABILITIES | C74: 300 | E74: 198637575 | F74: 164126792 | G74: 228941172
A75: III. | B75: GIÁ TRỊ TÀI SẢN RÒNG CÓ THỂ PHÂN PHỐI CHO NHÀ ĐẦU TƯ NẮM GIỮ CHỨNG CHỈ QUỸ MỞ DISTRIBUTABLE NET ASSET VALUE (I-II) | C75: 400 | E75: 55168618887 | F75: 60255582134 | G75: 65070017350
A76: 1. | B76: Vốn góp của các nhà đầu tư Paid up capital | C76: 411 | E76: 56000000000 | F76: 56000000000 | G76: 56000000000
A77: 1.1. | B77: Vốn góp phát hành Capital from subscription | C77: 412 | E77: 56000000000 | F77: 56000000000 | G77: 56000000000
A78: 1.2. | B78: Vốn góp mua lại Capital from redeemption | C78: 413
A79: 2. | B79: Thặng dư vốn góp của Nhà đầu tư Share premium | C79: 414 | E79: 808056200 | F79: 808056200 | G79: 808056200
A80: 3. | B80: Lợi nhuận chưa phân phối Undistributed earnings | C80: 420 | E80: -1639437313 | F80: 3447525934 | G80: 8261961150
A81: IV. | B81: GIÁ TRỊ TÀI SẢN RÒNG CỦA QUỸ MỞ TRÊN 1 ĐƠN VỊ CHỨNG CHỈ QUỸ NET ASSET VALUE PER FUND CERTIFICATE (IV=(I-II)/III) | C81: 430 | E81: 9851.53 | F81: 10759.92 | G81: 11619.64
A82: V. | B82: LỢI NHUẬN ĐÃ PHÂN PHỐI CHO NHÀ ĐẦU TƯ DISTRIBUTED EARNINGS | C82: 440
A83: 1. | B83: Lợi nhuận/tài sản đã phân phối cho Nhà đầu tư trong kỳ Distributed earnings assets in the period | C83: 441
A84: 2. | B84: Lợi nhuận đã phân phối cho Nhà đầu tư lũy kễ từ khi thành lập Quỹ mở đến kỳ lập báo cáo này Accumulated distributed profit/ assets | C84: 442
A86: CÁC CHỈ TIÊU NGOÀI BẢNG CÂN ĐỐI KẾ TOÁN OFF BALANCE SHEET ITEMS
F87: Đơn vị tính: VND/CCQ
A88: STT/ NO | B88: CHỈ TIÊU/ INDICATORS | C88: Mã số | D88: Thuyết minh | E88: KỲ BÁO CÁO/ THIS PERIOD | F88: KỲ TRƯỚC/ LAST PERIOD
A89: 1. | B89: Tài sản nhận thế chấp Assets received as pledge | C89: 001
A90: 2. | B90: Nợ khó đòi đã xử lý Written off bad debts | C90: 002
A91: 3. | B91: Ngoại tệ các loại Foreign currencies | C91: 003
A92: 4. | B92: Số lượng Chứng chỉ quỹ đang lưu hành Number of outstanding fund certificates | C92: 004 | E92: 5600000 | F92: 5600000
A95: Người lập biểu (Ký, họ tên) | C95: Người duyệt (Ký, họ tên) | D95: Kế toán trưởng (Ký, họ tên) | F95: Tổng giám đốc (Ký, họ tên, đóng dấu)

Sheet PL15
C1: Phụ lục số 15: Báo cáo về thay đổi giá trị tài sản ròng Apppendix 15: Report on change of Net Asset Value
C2: (Ban hành kèm theo Thông tư số 229/2012/TT-BTC ngày 27 tháng 12 năm 2012 của Bộ Tài chính hướng dẫn thành lập và quản lý quỹ hoán đổi danh mục) (Issued in association with Circular 229/2012/TT-BTC on 27 December 2012 guiding establishment and management of the Exchange Traded Fund)
C4: GIÁ TRỊ TÀI SẢN RÒNG CỦA QUỸ NET ASSET VALUE OF FUND
C5: ='NGAY THANG'!C21 -> Tại ngày 30 tháng 09 năm 2026 - As at 30 September 2026
C7: 1. | E7: Tên Công ty quản lý quỹ: Management Fund Company name: | F7: Công Ty TNHH Quản Lý Quỹ SSI SSI Asset Management Company Limited
C8: 2. | E8: Tên Ngân hàng giám sát: Supervising bank: | F8: Ngân Hàng TMCP Đầu tư và Phát triển Việt Nam - Chi nhánh Hà Thành Bank for Investment and Development of Vietnam Jsc - Hathanh Branch
C9: 3. | E9: Tên Quỹ: Fund name: | F9: Quỹ ETF SSIAM VNX50 SSIAM VNX50 ETF
C10: 4 | E10: Ngày lập báo cáo: Reporting Date: | F10: ='NGAY THANG'!C20 -> Ngày 15 tháng 10 năm 2026 15/10/2026
H11: Đơn vị tính/Currency: VND
C12: STT NO | D12: CHỈ TIÊU CRITERIA | G12: KỲ BÁO CÁO THIS PERIOD | H12: KỲ TRƯỚC LAST PERIOD
C13: I | D13: Giá trị tài sản ròng Net Assest Value
C14: 1 | D14: Giá trị tài sản ròng (NAV) đầu kỳ Net Asset Value (NAV) at the beginning of period
C15: 1.1 | E15: của quỹ/ per Fund | G15: =H19 -> 255443666060 | H15: 275746452655
C16: 1.2 | E16: của một lô chứng chỉ quỹ/ per lot of Fund Certificate | G16: =H20 -> 1627029720 | H16: 1756346832
C17: 1.3 | E17: của một chứng chỉ quỹ/ per Fund Certificate | G17: =H21 -> 16270.29 | H17: 17563.46
C18: 2 | D18: Giá trị tài sản ròng (NAV) cuối kỳ Net Asset Value (NAV) at the end of period
C19: 2.1 | E19: của quỹ/ per Fund | G19: =BCTaiSan_06134!D65 -> 55168618887 | H19: 255443666060
C20: 2.2 | E20: của một lô chứng chỉ quỹ/ per lot of Fund Certificate | G20: =ROUNDDOWN(G19/BCTinhHinhTaiChinh_06105!E92*100000,0) -> 985153908 | H20: 1627029720
C21: 2.3 | E21: của một chứng chỉ quỹ/ per Fund Certificate | G21: =ROUNDDOWN(G19/BCTinhHinhTaiChinh_06105!E92,2) -> 9851.53 | H21: 16270.29
C22: 3 | D22: Thay đổi giá trị tài sản ròng Quỹ trong kỳ, trong đó: Change of NAV during perdiod, in Which: | G22: =G19-G15 -> -200275047173 | H22: -20302786595
C23: 3.1 | E23: Thay đổi do các hoạt động liên quan đến đầu tư của Quỹ trong kỳ Changes of NAV due to the fund's investment during the period | G23: =B03_181!D16 -> -5086963247 | H23: -20302786595
C24: 3.2 | E24: Thay đổi GTTSR do mua lại, phát hành thêm Chứng chỉ Quỹ Change of NAV due to subcription, redemption during the period | G24: =G22-G23 -> -195188083926 | H24: 0
C25: 3.3 | E25: Thay đổi NAV do phân chia lợi nhuận cho nhà đầu tư trong kỳ Change of NAV due to profit distribution to investors during the period | G25: 0 | H25: 0
C26: 4 | D26: Thay đổi giá trị tài sản ròng trên một chứng chỉ Quỹ trong kỳ Change of NAV per Fund Certificate during perdiod | G26: =G21-G17 -> -6418.76 | H26: -1293.17
C27: 5 | D27: Giá trị tài sản ròng cao nhất/thấp nhất trong vòng 52 tuần gần nhất Highest/Lowest NAV within latest 52 weeks
C28: 5.1 | E28: Giá trị cao nhất (VND)/ Highest Value (VND) | G28: 347973766203 | H28: 347973766203
C29: 5.2 | E29: Giá trị thấp nhất (VND)/ Lowest Value (VND) | G29: 137053702659 | H29: 254350640555
C30: 6 | D30: Tỷ lệ sở hữu nước ngoài
C31: 6.1 | E31: Số lượng Chứng chỉ quỹ
C32: 6.2 | E32: Tổng giá trị
C33: 6.3 | E33: Tỷ lệ sở hữu
C34: II | D34: Giá trị thị trường (giá đóng cửa cuối phiên giao dịch trong ngày báo cáo) của một chứng chỉ Quỹ Market value of a Fund Certificate (closing price of the last trading session of the reporting date)
C35: 1 | D35: Giá trị đầu kỳ Beginning perriod Value | G35: =H36 -> 19000 | H35: 17500
C36: 2 | D36: Giá trị cuối kỳ Ending period Value | G36: 14050 | H36: 19000
C37: 3 | D37: Thay đổi giá trị thị trường trong kỳ so với kỳ trước Change of market value in the period in comparision to the last period | G37: =G36-G35 -> -4950 | H37: 1500
C38: 4 | D38: Chênh lệch giữa giá thị trường của chứng chỉ Quỹ và giá trị tài sản ròng trên một chứng chỉ Quỹ Difference between Market Value per Fund Certificate and NAV per Fund Certificate
E39: Chênh lệch tuyệt đối (VND)/ Absolute difference (VND) | G39: =G36-G21 -> 4198.47 | H39: 2729.71
E40: Chênh lệch tương đối (mức độ chiết khấu (-)/thặng dư (+))/ Relative differnce (discount(-)/ premium(+)) | G40: =G39/G21 -> 0.42617441 | H40: 0.16777267
C41: 5 | D41: Giá trị thị tường cao nhất/thấp nhất trong vòng 52 tuần gần nhất Highest/lowest Market Value within latest 52 weeks
E42: Giá trị cao nhất (VND)/ Highest Value (VND) | G42: 23690 | H42: 23690
E43: Giá trị thấp nhất (VND)/ Lowest Value (VND) | G43: 11010 | H43: 16470
C48: Đại diện có thẩm quyền của Ngân hàng giám sát | G48: Đại diện có thẩm quyền của Công ty quản lý quỹ
C49: Authorised Representative of Supervisory Bank | G49: Authorised Representative of Fund Management Company
C58: Ngân hàng TMCP Đầu tư và Phát triển Việt Nam - Chi nhánh Hà Thành | G58: Công Ty TNHH Quản Lý Quỹ SSI
C59: Nguyễn Mạnh Cường
C60: Phó Giám đốc

Sheet B03_181
A1: Mẫu số B03 - ETF: Mẫu báo cáo thay đổi giá trị tài sản ròng, giao dịch chứng chỉ quỹ Template B03 - ETF: Report on change of Net Asset Value, trading of Fund Certificate
A2: (Ban hành kèm theo Thông tư số 181/2015/TT-BTC ngày 13 tháng 11 năm 2015 của Bộ Tài chính hướng dẫn thành lập và quản lý quỹ hoán đổi danh mục) (Issued in association with Circular 181/2015/TT-BTC guiding establishment and management of Exchange Traded Fund)
A3: BÁO CÁO THAY ĐỔI GIÁ TRỊ TÀI SẢN RÒNG, GIAO DỊCH CHỨNG CHỈ QŨY STATEMENT OF CHANGE IN NET ASSET VALUE AND REDEMPTION, SUBSCRIPTION OF FUND CERTIFICATE
A4: Tại ngày 30 tháng 09 năm 2026 - As at 30 September 2026
B6: 1. | C6: Tên công ty quản lý quỹ: Management Fund Company name: | D6: Công ty Cổ phần Quản lý Quỹ Việt Cát Vietnam Fortune Fund Management JSC
B7: 2. | C7: Tên ngân hàng giám sát: Supervising bank: | D7: Ngân Hàng TMCP Đầu tư và Phát triển Việt Nam - Chi nhánh Hà Thành Bank for Investment and Development of Vietnam Jsc - Hathanh Branch
B8: 3. | C8: Tên Quỹ: Fund name: | D8: QUỸ ETF VFCVN DIAMOND VFCVN DIAMOND ETF
B9: 4. | C9: Mã Chứng Khoán Code | D9: FUETPVND FUETPVND
B10: 5. | C10: Ngày lập báo cáo: Reporting Date: | D10: Ngày 15 tháng 10 năm 2026 15/10/2026
E11: Đơn vị tính/Currency: VND
A13: STT No | C13: Nội dung Item | D13: Qúy III năm 2026 Quarter III 2026 | E13: Qúy II năm 2026 Quarter II 2026
A15: I | C15: Giá trị tài sản ròng của Quỹ ETF (NAV) đầu kỳ Net Asset Value (NAV) at the beginning of period | D15: 60255582134 | E15: 61578006755
A16: II | C16: Thay đổi NAV so với kỳ trước (= II.1 + II.2), trong đó: Change of NAV during the period (= II.1 + II.2), of which: | D16: -5086963247 | E16: -1322424621
B17: II.1 | C17: Thay đổi NAV do biến động thị trường và hoạt động giao dịch của Quỹ ETF trong kỳ Changes of NAV due to market fluctuation and the fund's investment during the period | D17: -5086963247 | E17: -1322424621
B18: II.2 | C18: Thay đổi NAV do phân chia Lợi nhuận/Tài sản của Quỹ ETF cho Nhà đầu tư trong kỳ Change of NAV due to profit distribution to investors during the period
A19: III | C19: Thay đổi NAV do hoán đổi lại, phát hành thêm Chứng chỉ Quỹ ETF (= III.1 - III.2) Change of NAV due to redemption, subscription of Fund Certificate
B20: III.1 | C20: Khoản thu từ việc phát hành bổ sung Chứng chỉ Quỹ ETF Increase from Subscription of Fund Certificate
B21: III.2 | C21: Khoản thanh toán từ việc hoán đổi lại Chứng chỉ Quỹ ETF Decrease from Redemption of Fund Certificate
A22: IV | C22: Giá trị tài sản ròng của Quỹ ETF cuối kỳ ( = I + II + III) NAV at the end of period (= I + II + III) | D22: 55168618887 | E22: 60255582134
A25: Người lập biểu (Ký, họ tên) | C25: Người duyệt (Ký, họ tên) | D25: Kế toán trưởng (Ký, họ tên) | E25: Tổng giám đốc (Ký, họ tên, đóng dấu)

Sheet B04_181
A1: Mẫu số B04 - ETF: Báo cáo danh mục đầu tư Template B04 - ETF: Investment portfolio report
A2: (Ban hành kèm theo Thông tư số 181/2015/TT-BTC ngày 13 tháng 11 năm 2015 của Bộ Tài chính hướng dẫn thành lập và quản lý quỹ hoán đổi danh mục) (Issued in association with Circular 181/2015/TT-BTC guiding establishment and management of Exchange Traded Fund)
A4: BÁO CÁO DANH MỤC ĐẦU TƯ INVESTMENT PORTFOLIO REPORT
A5: Tại ngày 30 tháng 09 năm 2026 - As at 30 September 2026
A7: 1. | B7: Tên công ty quản lý quỹ: Management Fund Company name: | C7: Công ty Cổ phần Quản lý Quỹ Việt Cát Vietnam Fortune Fund Management JSC
A8: 2. | B8: Tên ngân hàng giám sát: Supervising bank: | C8: Ngân Hàng TMCP Đầu tư và Phát triển Việt Nam - Chi nhánh Hà Thành Bank for Investment and Development of Vietnam Jsc - Hathanh Branch
A9: 3. | B9: Tên Quỹ: Fund name: | C9: QUỸ ETF VFCVN DIAMOND VFCVN DIAMOND ETF
A10: 4. | B10: Mã Chứng Khoán Code | C10: FUETPVND FUETPVND
A11: 5. | B11: Ngày lập báo cáo: Reporting Date: | C11: Ngày 15 tháng 10 năm 2026 15/10/2026
G12: Đơn vị tính/Currency: VND
A14: STT | B14: Loại tài sản Asset types | C14: Mã chỉ tiêu Code | D14: Số lượng Quantity | E14: Giá thị trường hoặc giá trị hợp lý tại ngày báo cáo Market price or fair value at reporting date | F14: Tổng giá trị Total value | G14: Tỷ lệ %/Tổng giá trị tài sản của quỹ %/Total asset value of the Fund
A15: I | B15: BẤT ĐỘNG SẢN ĐẦU TƯ (KHÔNG ÁP DỤNG) REAL ESTATE INVESTMENT (NOT APPLICABLE)
A16: II | B16: CỔ PHIẾU NIÊM YẾT, ĐĂNG KÝ GIAO DỊCH, CHỨNG CHỈ QUỸ NIÊM YẾT LISTED SHARES, TRADING REGISTRATION SHARED, LISTED FUND CERTIFICATES | C16: 2246
A17: 1 | B17: ACB | C17: 2246.1 | D17: 209050 | E17: 21100 | F17: 4410955000 | G17: 0.079667213
A18: 2 | B18: BMP | C18: 2246.2 | D18: 6000 | E18: 143100 | F18: 858600000 | G18: 0.01550736
A19: 3 | B19: CTD | C19: 2246.3 | D19: 13030 | E19: 58600 | F19: 763558000 | G19: 0.013790786
A20: 4 | B20: CTG | C20: 2246.4 | D20: 37000 | E20: 30000 | F20: 1110000000 | G20: 0.02004795
A21: 5 | B21: FPT | C21: 2246.5 | D21: 134200 | E21: 63000 | F21: 8454600000 | G21: 0.15270036
A22: 6 | B22: GMD | C22: 2246.6 | D22: 64000 | E22: 78100 | F22: 4998400000 | G22: 0.090277184
A23: 7 | B23: HDB | C23: 2246.7 | D23: 127000 | E23: 27500 | F23: 3492500000 | G23: 0.063078798
A24: 8 | B24: KDH | C24: 2246.8 | D24: 19000 | E24: 15350 | F24: 291650000 | G24: 0.0052675538
A25: 9 | B25: MBB | C25: 2246.9 | D25: 213750 | E25: 19650 | F25: 4200187500 | G25: 0.075860495
A26: 10 | B26: MSB | C26: 2246.10 | D26: 111600 | E26: 14200 | F26: 1584720000 | G26: 0.028621971
A27: 11 | B27: MWG | C27: 2246.11 | D27: 108000 | E27: 72400 | F27: 7819200000 | G27: 0.14122426
A28: 12 | B28: NLG | C28: 2246.12 | D28: 62000 | E28: 21750 | F28: 1348500000 | G28: 0.02435555
A29: 13 | B29: OCB | C29: 2246.13 | D29: 28750 | E29: 10100 | F29: 290375000 | G29: 0.0052445257
A30: 14 | B30: PNJ | C30: 2246.14 | D30: 96000 | E30: 26600 | F30: 2553600000 | G30: 0.046121122
A31: 15 | B31: REE | C31: 2246.15 | D31: 44850 | E31: 47900 | F31: 2148315000 | G31: 0.038801182
A32: 16 | B32: TCB | C32: 2246.16 | D32: 165000 | E32: 32550 | F32: 5370750000 | G32: 0.097002278
A33: 17 | B33: TPB | C33: 2246.17 | D33: 48000 | E33: 14450 | F33: 693600000 | G33: 0.01252726
A34: 18 | B34: VPB | C34: 2246.18 | D34: 175197 | E34: 23400 | F34: 4099609800 | G34: 0.07404394
B35: Tổng Total | C35: 2247 | D35: 1662427 | F35: 54489120300 | G35: 0.98413979
A36: III | B36: CỔ PHIẾU CHƯA NIÊM YẾT, ĐĂNG KÝ GIAO DỊCH, CHỨNG CHỈ QUỸ KHÔNG NIÊM YẾT UNLISTED SHARES, TRADING REGISTRATION, UNLISTED FUND CERTIFICATES | C36: 2248 | G36: 0
B37: Tổng Total | C37: 2249 | G37: 0
B38: Tổng các loại cổ phiếu Total shares | C38: 2250 | D38: 1662427 | F38: 54489120300 | G38: 0.98413979
A39: IV | B39: Trái phiếu Bonds | C39: 2251 | G39: 0
B40: Tổng Total | C40: 2252 | G40: 0
A41: V | B41: Các loại chứng khoán khác Other sercurities | C41: 2253 | G41: 0
A42: 1 | B42: Quyền mua chứng khoán | C42: 2253.1 | G42: 0
A43: 2 | B43: Chi tiết loại hợp đồng phái sinh(*) Index future contracts | C43: 2253.2 | G43: 0
B44: Tổng Total | C44: 2254 | G44: 0
B45: Tổng các loại chứng khoán Total investment | C45: 2255 | D45: 1662427 | F45: 54489120300 | G45: 0.98413979
A46: VI | B46: Các tài sản khác Other assets | C46: 2256 | G46: 0
A47: 1 | B47: Cổ tức được nhận Dividend receivables | C47: 2256.1 | G47: 0
A48: 2 | B48: Trả trước phí quản lý niêm yết của Sở giao dịch chứng khoán Prepaid expense for listing management of Stock Exchange | C48: 2256.2 | G48: 0
A49: 3 | B49: Tiền bán chứng khoán phải thu Receivables from investments sold but not yet settled | C49: 2256.3 | G49: 0
A50: 4 | B50: Phải thu khác Other receivables | C50: 2256.4 | F50: 8317797 | G50: 0.00015022953
B51: Tổng Total | C51: 2257 | F51: 8317797 | G51: 0.00015022953
A52: VII | B52: Tiền Cash | C52: 2258 | G52: 0
A53: 1 | B53: Tiền, tương đương tiền Cash, Cash Equivalents | C53: 2259 | F53: 869818365 | G53: 0.015709978
A54: 1.1 | B54: Tiền gửi ngân hàng Cash at Bank | C54: 2259.1 | F54: 869818365 | G54: 0.015709978
A55: 1.2 | B55: Các khoản tương đương tiền Cash Equivalents | C55: 2259.2 | G55: 0
A56: 2 | B56: Tiền gửi ngân hàng có kỳ hạn trên 3 tháng Deposits with term over three (03) months | C56: 2259.3 | G56: 0
A57: 3 | B57: Chứng chỉ tiền gửi Certificates of deposit | C57: 2260 | G57: 0
A58: 4 | B58: Công cụ chuyển nhượng… Transferable instruments… | C58: 2261 | G58: 0
B59: Tổng Total | C59: 2262 | F59: 869818365 | G59: 0.015709978
A60: VII | B60: Tổng giá trị danh mục Total value of portfolio | C60: 2263 | D60: 1662427 | F60: 55367256462 | G60: 1
A61: Người lập biểu | D61: Người duyệt | E61: Kế toán trưởng | G61: Tổng giám đốc
A62: (Ký, họ tên) | D62: (Ký, họ tên) | E62: (Ký, họ tên) | G62: (Ký, họ tên, đóng dấu)

Sheet BCTaiSan_06134
A1: Phụ lục XXVI. Mẫu báo cáo về hoạt động của Quỹ Appendix XXVI. Report on Fund's Operation
A2: (Ban hành kèm theo Thông tư số 98/2020/TT-BTC ngày 16 tháng 11 năm 2020 của Bộ trưởng Bộ Tài về hướng dẫn hoạt động và quản lý quỹ đầu tư chứng khoán (Issued in association with Circular 98/2020/TT-BTC dated 16 November 2020 of the Minister of Finance on guiding the operation and management of the securities investment funds
A3: BÁO CÁO CHUNG VỀ HOẠT ĐỘNG ĐẦU TƯ CỦA QUỸ ETF REPORT ON ETF FUND'S INVESTMENT ACTIVITIES
A4: Tại ngày 30 tháng 09 năm 2026 - As at 30 September 2026
A6: 1. | B6: Tên công ty quản lý quỹ: Management Fund Company name: | C6: Công ty Cổ phần Quản lý Quỹ Việt Cát Vietnam Fortune Fund Management JSC
A7: 2. | B7: Tên ngân hàng giám sát: Supervising bank: | C7: Ngân Hàng TMCP Đầu tư và Phát triển Việt Nam - Chi nhánh Hà Thành Bank for Investment and Development of Vietnam Jsc - Hathanh Branch
A8: 3. | B8: Tên Quỹ: Fund name: | C8: QUỸ ETF VFCVN DIAMOND VFCVN DIAMOND ETF
A9: 4. | B9: Mã Chứng Khoán Code | C9: FUETPVND FUETPVND
A10: 5. | B10: Ngày lập báo cáo: Reporting Date: | C10: Ngày 15 tháng 10 năm 2026 15/10/2026
A11: I. BÁO CÁO VỀ TÀI SẢN/ ASSET REPORT | F11: Đơn vị tính/Currency: VND
A12: TT NO | B12: Chỉ tiêu Indicators | C12: Mã chỉ tiêu Code | D12: Kỳ báo cáo This period | E12: Kỳ trước Previous period | F12: %/cùng kỳ năm trước %/same period of last year
A13: I | B13: Tài sản Assets | C13: 2200
A14: I.1 | B14: Tiền gửi ngân hàng và các khoản tương đương tiền Cash at bank and cash equivalent | C14: 2201 | D14: 869818365 | E14: 1038546632 | F14: 0.39151167
B15: Tiền, tương đương tiền | C15: 2202
B16: Tiền gửi ngân hàng Cash at bank | C16: 2203 | D16: 869818365 | E16: 1038546632 | F16: 0.39151297
B17: Tiền gửi của nhà đầu tư cho hoạt động mua chứng chỉ quỹ Cash at bank for Fund's subscription | C17: 2204
B18: Các khoản tương đương tiền Cash equivalent | C18: 2204
A19: I.2 | B19: Các khoản đầu tư (kê chi tiết) Investments | C19: 2205 | D19: 54489120300 | E19: 59364216000 | F19: 0.96049977
B20: Cổ phiếu niêm yết Listed shares | C20: 2205.1 | D20: 54489120300 | E20: 59364216000 | F20: 0.96049977
B21: Quyền mua Rights | C21: 2205.2
A22: I.3 | B22: Thu từ cho thuê bất động sản đầu tư (không áp dụng) Receivables from rental of investment property (not applicable) | C22: 2206
A23: I.4 | B23: Cổ tức, trái tức được nhận Dividend and coupon receivables | C23: 2207
B24: Phải thu cổ tức, tiền lãi đến ngày nhận Dividend and interest receivables | C24: 2207.1
B25: Dự thu cổ tức, tiền lãi chưa đến ngày nhận Accrual dividend, interest income | C25: 2207.2
A26: I.5 | B26: Lãi được nhận Interest receivables | C26: 2208
A27: I.6 | B27: Tiền bán bất động sản chờ thu (không áp dụng) Real Estate Proceeds Receivables (not applicale) | C27: 2209
A28: I.7 | B28: Tiền bán chứng khoán chờ thu (kê chi tiết) Receivables from investments sold but not yet settled (in details) | C28: 2210
A29: I.8 | B29: Các khoản phải thu khác Other receivables | C29: 2211 | E29: 310685
A30: I.9 | B30: Các tài sản khác Other assets | C30: 2212 | D30: 8317797 | E30: 16635609 | F30: 1.0082178
B31: Trả trước phí quản lý niêm yết hàng năm tại SGDCK HCM Prepaid expense for listing fee at HSX | C31: 2212.1 | D31: 8317797 | E31: 16635609 | F31: 1.0082178
A32: I.10 | B32: Tổng tài sản Total Assets | C32: 2213 | D32: 55367256462 | E32: 60419708926 | F32: 0.93494171
A33: II | B33: Nợ Liabilities | C33: 2214
A34: II.1 | B34: Tiền phải thanh toán mua bất động sản (không áp dụng) Real Estate Trading Payables (not applicable) | C34: 2215
A35: II.2 | B35: Tiền phải thanh toán mua chứng khoán (kê chi tiết) Paybles for securities bought but not yet settled (in details) | C35: 2216
B36: Phải trả mua cổ phiếu Outstanding Settlement of buying securities | C36: 2216.1
A37: II.3 | B37: Các khoản phải trả khác Other payables | C37: 2217 | D37: 198637575 | E37: 164126792 | F37: 1.1962405
B38: Phải trả nhà đầu tư Payables to investors | C38: 2217.1
B39: Phải trả nhà đầu tư trên tài sản giữ hộ Payables to investors for investment bought on behalf | C39: 2217.1.1
B40: Phải trả nhà đầu tư trên cổ tức đã thu Payables to investors for collected dividend | C40: 2217.1.2
B41: Phải trả cho Nhà đầu tư về mua lại Chứng chỉ quỹ Redemption payable to investors | C41: 2217.1.3
B42: Phải trả cho Nhà đầu tư về mua Chứng chỉ quỹ Subcription payable to investors | C42: 2217.1.4
B43: Thuế và các khoản phải nộp Nhà nước Taxes Payables and obligations to the State Budget | C43: 2217.2
B44: Phải trả phí dịch vụ đại lý chuyển nhượng Transfer Agency fee payable | C44: 2217.3 | D44: 11000000 | E44: 11000000 | F44: 1.1923078
B45: Phải trả phí môi giới Broker fee payable | C45: 2217.4
B46: Phải trả phí quản lý cho công ty quản lý quỹ Payables management fee for FMC | C46: 2217.5 | D46: 30183251 | E46: 32181236 | F46: 0.93296116
B47: Phải trả phí quản trị quỹ Fund Administration fee payable | C47: 2217.6 | D47: 33000000 | E47: 16500000 | F47: 2
B48: Phải trả phí lưu ký, giám sát, phí giao dịch cho Ngân hàng giám sát Custodian, supervisory fee and transaction fee payable | C48: 2217.7 | D48: 51857502 | E48: 25911940 | F48: 2.0049695
B49: Phải trả phí dịch vụ lưu ký Custody service fee payables | C49: 2217.7.1 | D49: 40857502 | E49: 20411940 | F49: 2.0063117
B50: Phải trả phí giám sát Supervisory service fee payable | C50: 2217.7.2 | D50: 11000000 | E50: 5500000 | F50: 2
B51: Phải trả phí giao dịch chứng khoán của Quỹ Transaction fee Payables of the Fund | C51: 2217.7.3
B52: Phải trả thù lao ban đại diện quỹ Remuneration Payable to Fund's Board of Representatives | C52: 2217.8 | D52: 33000000 | E52: 33000000 | F52: 1.7884615
B53: Phải trả phí kiểm toán Audit fee payable | C53: 2217.9 | D53: 18744644
B54: Phải trả phí họp đại hội General meeting expense payable | C54: 2217.10
B55: Phải trả phí báo cáo thường niên Annual report expense payable | C55: 2217.11
B56: Phải trả phí phát hành, mua lại chứng chỉ quỹ cho Đại lý phân phối và Công ty quản lý quỹ Subscription and Redemption fee payable to distributors and Fund Management Company | C56: 2217.12
B57: Phải trả khác Other payables | C57: 2217.13 | D57: 20852178 | E57: 45533616 | F57: 0.32756812
B58: Phải trả phí thiết lập quỹ ban đầu Fund initial set-up fee payables | C58: 2217.13.1
B59: Phải trả phí quản lý thường niên cho UBCKNN Annual management fee paid to SSC | C59: 2217.13.2
B60: Dự chi phí cung cấp dịch vụ tính giá trị tài sản ròng tham chiếu (iNAV) cho HOSE Accrual expenses payable to HOSE for iNAV calculation | C60: 2217.13.3 | D60: 8020071 | E60: 17512930 | F60: 2.5344802
B61: Dự chi phí cấp quyền sử dụng chỉ số cho HOSE Accrual expenses payable to HOSE for Index usage | C61: 2217.13.4 | D61: 12832107 | E61: 28020686 | F61: 0.21212497
B62: Dự chi chi phí công tác của Ban đại diện Fund's Board of Representatives business expense | C62: 2217.13.5
B63: Phải trả khác Other payable | C63: 2217.13.6
A64: II.4 | B64: Tổng nợ Total liabilities | C64: 2218 | D64: 198637575 | E64: 164126792 | F64: 1.1962405
B65: Tài sản ròng của quỹ (I.10-II.4) Net asset value of Fund (I.10-II.4) | C65: 2219 | D65: 55168618887 | E65: 60255582134 | F65: 0.93420697
B66: Tổng số chứng chỉ quỹ đang lưu hành Number of total outstanding fund certificates | C66: 2220 | D66: 5600000 | E66: 5600000 | F66: 1.0980392
B67: Giá trị tài sản ròng trên một chứng chỉ quỹ (III/V) Net asset value per unit certificate | C67: 2221 | D67: 9851.53 | E67: 10759.92 | F67: 0.85079539
A71: Đại diện có thẩm quyền của Ngân hàng giám sát | D71: Đại diện có thẩm quyền của Công ty quản lý Quỹ
A72: Authorised Representative of Supervisory Bank | D72: Authorised Representative of Fund Management Company
A80: Ngân hàng TMCP Đầu tư và Phát triển Việt Nam - Chi nhánh Hà Thành | D80: Công ty Cổ phần Quản lý Quỹ Việt Cát
A81: Lê Mỹ Linh | D81: Nguyễn Minh Hạnh
A82: Phó Giám đốc | D82: Tổng Giám đốc/ Chief Executive Oficer

Sheet BCKetQuaHoatDong_06135
A1: Phụ lục XXVI. Mẫu báo cáo về hoạt động của Quỹ Appendix XXVI. Report on Fund's Operation
A2: (Ban hành kèm theo Thông tư số 98/2020/TT-BTC ngày 16 tháng 11 năm 2020 của Bộ trưởng Bộ Tài về hướng dẫn hoạt động và quản lý quỹ đầu tư chứng khoán (Issued in association with Circular 98/2020/TT-BTC dated 16 November 2020 of the Minister of Finance on guiding the operation and management of the securities investment funds
A3: BÁO CÁO CHUNG VỀ HOẠT ĐỘNG ĐẦU TƯ CỦA QUỸ ETF REPORT ON ETF FUND'S INVESTMENT ACTIVITIES
A4: Quý III năm 2026 /Quarter III 2026
A6: 1. | B6: Tên công ty quản lý quỹ: Management Fund Company name: | C6: Công ty Cổ phần Quản lý Quỹ Việt Cát Vietnam Fortune Fund Management JSC
A7: 2. | B7: Tên ngân hàng giám sát: Supervising bank: | C7: Ngân Hàng TMCP Đầu tư và Phát triển Việt Nam - Chi nhánh Hà Thành Bank for Investment and Development of Vietnam Jsc - Hathanh Branch
A8: 3. | B8: Tên Quỹ: Fund name: | C8: QUỸ ETF VFCVN DIAMOND VFCVN DIAMOND ETF
A9: 4. | B9: Mã Chứng Khoán Code | C9: FUETPVND FUETPVND
A10: 5. | B10: Ngày lập báo cáo: Reporting Date: | C10: Ngày 15 tháng 10 năm 2026 15/10/2026
A12: II. BÁO CÁO KẾT QUẢ HOẠT ĐỘNG/ PROFIT AND LOSS REPORT | F12: Đơn vị tính/Currency: VND
A13: TT NO | B13: Chỉ tiêu Indicators | C13: Mã chỉ tiêu Code | D13: Kỳ báo cáo This period | E13: Kỳ trước Previous period | F13: Lũy kế từ đầu năm Accumulated figure from the beginning of the year
A14: I | B14: Thu nhập từ hoạt động đầu tư Investment income | C14: 2220 | D14: 296170889 | E14: 658868924 | F14: 1052809539
A15: 1 | B15: Thu từ bất động sản cho thuê (không áp dụng) Income from rental property (not applicable) | C15: 2246
A16: 2 | B16: Cổ tức, trái tức được nhận Dividend, Bond coupon income | C16: 2221 | D16: 295650000 | E16: 658460000 | F16: 1051810000
A17: 3 | B17: Lãi được nhận Interest income | C17: 2222 | D17: 520889 | E17: 408924 | F17: 999539
A18: 4 | B18: Các khoản thu nhập khác Other income | C18: 2223
A19: II | B19: Chi phí Expense | C19: 2224 | D19: 337038436 | E19: 350367545 | F19: 1041120652
A20: 1 | B20: Chi phí quản lý trả cho công ty quản lý quỹ Management fee for FMC | C20: 2225 | D20: 92630717 | E20: 98815892 | F20: 296145580
A21: 2 | B21: Chi phí lưu ký, giám sát trả cho NHGS Custodian, Supervisory fee for Supervisory Bank | C21: 2226 | D21: 77789822 | E21: 79823816 | F21: 235354480
B22: Phí dịch vụ lưu ký tài sản Custodian service fee | C22: 2226.1 | D22: 60000000 | E22: 60000000 | F22: 180000000
B23: Phí giao dịch chứng khoán Transaction fee | C23: 2226.2 | E23: 2054487 | F23: 2054487
B24: Phí giao dịch hoán đổi Transaction fee for exchange traded transaction | C24: 2226.2.1
B25: Phí giám sát Supervisory fee | C25: 2226.3 | D25: 16500000 | E25: 16500000 | F25: 49500000
B26: Phí dịch vụ lưu ký tại VSD Custodian service - VSD fee | C26: 2226.4 | D26: 1289822 | E26: 1269329 | F26: 3799993
A27: 3 | B27: Chi phí quản trị quỹ và các chi phí khác mà công ty quản lý quỹ trả cho tổ chức cung cấp dịch vụ có liên quan Fund Administration Fee, and other fees paid to relevant Fund's service providers | C27: 2227 | D27: 102878756 | E27: 104239498 | F27: 312652027
B28: Chi phí dịch vụ quản trị Quỹ Fund Administration Fee | C28: 2227.1 | D28: 49500000 | E28: 49500000 | F28: 148500000
B29: Chi phí dịch vụ Đại lý Chuyển nhượng Transfer Agency Fee | C29: 2227.2 | D29: 33000000 | E29: 33000000 | F29: 99000000
B30: Phí cung cấp dịch vụ tính giá trị tài sản ròng tham chiếu (iNAV) trả cho HOSE Expenses payable to HOSE for iNAV calculation | C30: 2227.3 | D30: 7837981 | E30: 8361347 | F30: 25058471
B31: Phí cấp quyền sử dụng chỉ số trả cho HOSE Expenses payable to HOSE for Index usage | C31: 2227.4 | D31: 12540775 | E31: 13378151 | F31: 40093556
B32: Phí dịch vụ khác của Nhà cung cấp dịch vụ cho Quỹ Other service fees | C32: 2227.5
A33: 4 | B33: Chi phí dịch vụ quản lý bất động sản (không áp dụng) Real Estate Management Service fee (not applicable) | C33: 2248
A34: 5 | B34: Chi phí dịch vụ định giá bất động sản (không áp dụng) Real estate valuation service fees (not applicable) | C34: 2249
A35: 6 | B35: Chi phí kiểm toán trả cho tổ chức kiểm toán; Audit fee | C35: 2228 | D35: 19055329 | E35: 16185220 | F35: 56544644
A36: 7 | B36: Chi phí dịch vụ tư vấn pháp lý, dịch vụ báo giá và các dịch vụ hợp lý khác, thù lao trả cho ban đại diện quỹ; Legal consultancy expenses, price quotation fee, other valid expenses, remuneration payable to fund representative board | C36: 2229 | D36: 33000000 | E36: 33000000 | F36: 99000000
B37: Thù lao trả cho ban đại diện quỹ Remuneration for Fund's Board of Representatives | C37: 2229.1 | D37: 33000000 | E37: 33000000 | F37: 99000000
A38: 8 | B38: Chi phí dự thảo, in ấn, gửi bản cáo bạch, bản cáo bạch tóm tắt, báo cáo tài chính, xác nhận giao dịch, sao kê tài khoản và các tài liệu khác cho nhà đầu tư; chi phí công bố thông tin của quỹ; chi phí tổ chức họp đại hội nhà đầu tư, ban đại diện quỹ; Fee for drafting, printing, distribution of prospectus, summarised propectus, financial statements, transaction confirmations, account statements and other documents to investors; information disclosure fee; fee for organising annual general meeting, board of representatives meeting | C38: 2230
B39: Phí thiết kế, in ấn, gửi thư… Designing, prining, posting... Expense | C39: 2230.1
B40: Phí báo cáo thường niên Annual report expense | C40: 2230.2
B41: Chi phí họp Đại hội Quỹ Meeting expense | C41: 2230.3
B42: Chi phí họp và chi phí công tác của ban đại diện Fund's Board of Representatives meeting expense & travelling expense | C42: 2230.4
A43: 9 | B43: Chi phí liên quan đến thực hiện các giao dịch tài sản của quỹ. Expenses related to execution of fund’s asset transactions | C43: 2231 | E43: 6225718 | F43: 6225718
B44: Chi phí môi giới Brokerage fee expense | C44: 2231.1 | E44: 6225718 | F44: 6225718
B45: Chi phí thanh toán bù trừ Clearing settlement fee | C45: 2231.2
A46: 10 | B46: Các loại chi phí khác (nêu chi tiết) Other fees (in details) | C46: 2232 | D46: 11683812 | E46: 12077401 | F46: 35198203
B47: Chi phí thiết lập ban đầu Fund initial set-up fee | C47: 2232.1
B48: Phí niêm yết, phí đăng ký chứng khoán Listing fee, registration fee | C48: 2232.2
B49: Phí ngân hàng Bank charges | C49: 2232.3 | D49: 66000 | F49: 66000
B50: Phí quản lý thường niên phải trả cho UBCKNN,HOSE Annual management fee paid to SSC, HOSE | C50: 2232.4 | D50: 8317812 | E50: 8227401 | F50: 24682203
B51: Phí thực hiện quyền trả cho VSD Expenses for getting the list of investors from VSD | C51: 2232.5 | D51: 3300000 | E51: 3850000 | F51: 10450000
B52: Phí đăng ký niêm yết bổ sung trả VSD Additional registration fee pay for VSD | C52: 2232.6
A53: III | B53: Thu nhập ròng từ hoạt động đầu tư (I-II) Net Income from Investment Activities ( = I - II) | C53: 2233 | D53: -40867547 | E53: 308501379 | F53: 11688887
A54: IV | B54: Lãi (lỗ) từ hoạt động đầu tư Gain / (Loss) from Investment Activities | C54: 2234 | D54: -5046095700 | E54: -1630926000 | F54: -9913087350
A55: 1 | B55: Lãi (lỗ) thực tế phát sinh từ hoạt động đầu tư hoặc chuyển nhượng bất động sản Realised Gain / (Loss) from disposal of investment or real estate transfer | C55: 2235 | E55: -63042455 | F55: -63042455
B56: Lãi (lỗ) bán các khoản đầu tư Realised Gain / (Loss) from sales of investments | C56: 2235.1 | E56: -63042455 | F56: -63042455
B57: Lãi (lỗ) trong giao dịch hoán đổi chứng chỉ quỹ Realised Gain / (Loss) from exchange trade fund certificate | C57: 2235.2
B58: Lãi (lỗ) giao dịch chứng khoán hạn chế trong giao dịch hoán đổi chứng chỉ quỹ | C58: 2235.3
A59: 2 | B59: Thay đổi về giá trị của các khoản đầu tư trong kỳ Unrealised Gain / (Loss) due to market price | C59: 2236 | D59: -5046095700 | E59: -1567883545 | F59: -9850044895
A60: V | B60: Thay đổi của giá trị tài sản ròng do các hoạt động đầu tư trong kỳ (III + IV) Change of Net Asset Value of the Fund due to investment activities during the period ( = III + IV) | C60: 2237 | D60: -5086963247 | E60: -1322424621 | F60: -9901398463
A61: VI | B61: Giá trị tài sản ròng đầu kỳ Net Asset Value at the beginning of period | C61: 2238 | D61: 60255582134 | E61: 61578006755 | F61: 65070017350
A62: VII | B62: Thay đổi giá trị tài sản ròng của quỹ trong kỳ Change of Net Asset Value of the Fund during the period | C62: 2239 | D62: -5086963247 | E62: -1322424621 | F62: -9901398463
B63: Trong đó: In which:
A64: 1 | B64: Thay đổi giá trị tài sản ròng của Quỹ do các hoạt động liên quan đến đầu tư của Quỹ trong kỳ Change of Net Asset Value due to investment related activities during the period | C64: 2241 | D64: -5086963247 | E64: -1322424621 | F64: -9901398463
A65: 2 | B65: Thay đổi giá trị tài sản ròng của Quỹ do việc chi trả lợi tức/ cổ tức của Quỹ cho các nhà đầu tư trong kỳ Change of Net Asset Value due to dividends payment to investors during the period | C65: 2242
A66: 3 | B66: Thay đổi giá trị tài sản ròng do phát hành thêm/mua lại chứng chỉ quỹ Change of Net Asset Value due to subscription/redemption during the period | C66: 2247
A67: VIII | B67: Giá trị tài sản ròng cuối kỳ Net Asset Value at the end of period | C67: 2243 | D67: 55168618887 | E67: 60255582134 | F67: 55168618887
A68: IX | B68: Lợi nhuận bình quân năm (chỉ áp dụng đối với báo cáo năm) Average income (applicable for annual report) | C68: 2244
B69: Tỷ suất lợi nhuận bình quân năm (chỉ áp dụng đối với báo cáo năm) Profit margin (applicable for annual report) | C69: 2245
A72: Đại diện có thẩm quyền của Ngân hàng giám sát | D72: Đại diện có thẩm quyền của Công ty quản lý Quỹ
A73: Authorised Representative of Supervisory Bank | D73: Authorised Representative of Fund Management Company
A84: Ngân hàng TMCP Đầu tư và Phát triển Việt Nam - Chi nhánh Hà Thành | D84: Công ty Cổ phần Quản lý Quỹ Việt Cát
A85: Lê Mỹ Linh | D85: Nguyễn Minh Hạnh
A86: Phó Giám Đốc | D86: Tổng Giám đốc/ Chief Executive Oficer

Sheet BCDanhMucDauTu_06136
A1: Phụ lục XXVI. Mẫu báo cáo về hoạt động của Quỹ Appendix XXVI. Report on Fund's Operation
A2: (Ban hành kèm theo Thông tư số 98/2020/TT-BTC ngày 16 tháng 11 năm 2020 của Bộ trưởng Bộ Tài về hướng dẫn hoạt động và quản lý quỹ đầu tư chứng khoán (Issued in association with Circular 98/2020/TT-BTC dated 16 November 2020 of the Minister of Finance on guiding the operation and management of the securities investment funds
A3: BÁO CÁO CHUNG VỀ HOẠT ĐỘNG ĐẦU TƯ CỦA QUỸ ETF REPORT ON ETF FUND'S INVESTMENT ACTIVITIES
A4: Tại ngày 30 tháng 09 năm 2026 - As at 30 September 2026
A6: 1. | B6: Tên công ty quản lý quỹ: Management Fund Company name: | C6: Công ty Cổ phần Quản lý Quỹ Việt Cát Vietnam Fortune Fund Management JSC
A7: 2. | B7: Tên ngân hàng giám sát: Supervising bank: | C7: Ngân Hàng TMCP Đầu tư và Phát triển Việt Nam - Chi nhánh Hà Thành Bank for Investment and Development of Vietnam Jsc - Hathanh Branch
A8: 3. | B8: Tên Quỹ: Fund name: | C8: QUỸ ETF VFCVN DIAMOND VFCVN DIAMOND ETF
A9: 4. | B9: Mã Chứng Khoán Code | C9: FUETPVND FUETPVND
A10: 5. | B10: Ngày lập báo cáo: Reporting Date: | C10: Ngày 15 tháng 10 năm 2026 15/10/2026
A12: III. BÁO CÁO DANH MỤC ĐẦU TƯ/ INVESTMENT PORFOLIO REPORT | G12: Đơn vị tính/Currency: VND
A13: STT | B13: Loại tài sản Asset types | C13: Mã chỉ tiêu Code | D13: Số lượng Quantity | E13: Giá thị trường hoặc giá trị hợp lý tại ngày báo cáo Market price or fair value at reporting date | F13: Tổng giá trị Total value | G13: Tỷ lệ %/Tổng giá trị tài sản của quỹ %/Total asset value of the Fund
A14: I | B14: BẤT ĐỘNG SẢN ĐẦU TƯ (KHÔNG ÁP DỤNG) REAL ESTATE INVESTMENT (NOT APPLICABLE)
A15: II | B15: CỔ PHIẾU NIÊM YẾT, ĐĂNG KÝ GIAO DỊCH, CHỨNG CHỈ QUỸ NIÊM YẾT LISTED SHARES, TRADING REGISTRATION SHARED, LISTED FUND CERTIFICATES | C15: 2246
A16: 1 | B16: ACB | C16: 2246.1 | D16: 209050 | E16: 21100 | F16: 4410955000 | G16: 0.079667213
A17: 2 | B17: BMP | C17: 2246.2 | D17: 6000 | E17: 143100 | F17: 858600000 | G17: 0.01550736
A18: 3 | B18: CTD | C18: 2246.3 | D18: 13030 | E18: 58600 | F18: 763558000 | G18: 0.013790786
A19: 4 | B19: CTG | C19: 2246.4 | D19: 37000 | E19: 30000 | F19: 1110000000 | G19: 0.02004795
A20: 5 | B20: FPT | C20: 2246.5 | D20: 134200 | E20: 63000 | F20: 8454600000 | G20: 0.15270036
A21: 6 | B21: GMD | C21: 2246.6 | D21: 64000 | E21: 78100 | F21: 4998400000 | G21: 0.090277184
A22: 7 | B22: HDB | C22: 2246.7 | D22: 127000 | E22: 27500 | F22: 3492500000 | G22: 0.063078798
A23: 8 | B23: KDH | C23: 2246.8 | D23: 19000 | E23: 15350 | F23: 291650000 | G23: 0.0052675538
A24: 9 | B24: MBB | C24: 2246.9 | D24: 213750 | E24: 19650 | F24: 4200187500 | G24: 0.075860495
A25: 10 | B25: MSB | C25: 2246.1 | D25: 111600 | E25: 14200 | F25: 1584720000 | G25: 0.028621971
A26: 11 | B26: MWG | C26: 2246.11 | D26: 108000 | E26: 72400 | F26: 7819200000 | G26: 0.14122426
A27: 12 | B27: NLG | C27: 2246.12 | D27: 62000 | E27: 21750 | F27: 1348500000 | G27: 0.02435555
... A33: 18 | B33: VPB | C33: 2246.18 | D33: 175197 | E33: 23400 | F33: 4099609800 | G33: 0.07404394
B34: Tổng Total | C34: 2247 | D34: 1662427 | F34: 54489120300 | G34: 0.98413979
A35: III | B35: CỔ PHIẾU CHƯA NIÊM YẾT, ĐĂNG KÝ GIAO DỊCH, CHỨNG CHỈ QUỸ KHÔNG NIÊM YẾT UNLISTED SHARES, TRADING REGISTRATION, UNLISTED FUND CERTIFICATES | C35: 2248
B36: Tổng Total | C36: 2249 | G36: 0
B37: Tổng các loại cổ phiếu Total shares | C37: 2250 | D37: 1662427 | F37: 54489120300 | G37: 0.98413979
A38: IV | B38: Trái phiếu Bonds | C38: 2251
B39: Tổng Total | C39: 2252
A40: V | B40: Các loại chứng khoán khác Other sercurities | C40: 2253
A41: 1 | B41: Quyền mua chứng khoán | C41: 2253.1 | D41: 0 | E41: 0 | F41: 0
A42: 2 | B42: Chi tiết loại hợp đồng phái sinh(*) Index future contracts | C42: 2253.2
B43: Tổng Total | C43: 2254 | D43: 0 | F43: 0
B44: Tổng các loại chứng khoán Total investment | C44: 2255 | D44: 1662427 | F44: 54489120300 | G44: 0.98413979
A45: VI | B45: Các tài sản khác Other assets | C45: 2256
A46: 1 | B46: Cổ tức được nhận Dividend receivables | C46: 2256.1
A47: 2 | B47: Trả trước phí quản lý niêm yết của Sở giao dịch chứng khoán Prepaid expense for listing management of Stock Exchange | C47: 2256.2
A48: 3 | B48: Tiền bán chứng khoán phải thu Receivables from investments sold but not yet settled | C48: 2256.3
A49: 4 | B49: Phải thu khác Other receivables | C49: 2256.4 | F49: 8317797 | G49: 0.00015022953
B50: Tổng Total | C50: 2257 | F50: 8317797 | G50: 0.0011493584
A51: VII | B51: Tiền Cash | C51: 2258
A52: 1 | B52: Tiền, tương đương tiền Cash, Cash Equivalents | C52: 2259 | F52: 869818365 | G52: 0.015709978
A53: 1.1 | B53: Tiền gửi ngân hàng Cash at Bank | C53: 2259.1 | F53: 869818365 | G53: 0.015709978
A54: 1.2 | B54: Các khoản tương đương tiền Cash Equivalents | C54: 2259.2
A55: 2 | B55: Tiền gửi ngân hàng có kỳ hạn trên 3 tháng Deposits with term over three (03) months | C55: 2259.3
A56: 3 | B56: Chứng chỉ tiền gửi Certificates of deposit | C56: 2260
A57: 4 | B57: Công cụ chuyển nhượng… Transferable instruments… | C57: 2261
B58: Tổng Total | C58: 2262 | F58: 869818365 | G58: 0.015709978
A59: VII | B59: Tổng giá trị danh mục Total value of portfolio | C59: 2263 | D59: 1662427 | F59: 55367256462 | G59: 1
A63: Đại diện có thẩm quyền của Ngân hàng giám sát | F63: Đại diện có thẩm quyền của Công ty quản lý Quỹ
A64: Authorised Representative of Supervisory Bank | F64: Authorised Representative of Fund Management Company
A78: Ngân hàng TMCP Đầu tư và Phát triển Việt Nam - Chi nhánh Hà Thành | F78: Công ty Cổ phần Quản lý Quỹ Việt Cát
A79: Lê Mỹ Linh | F79: Nguyễn Minh Hạnh
A80: Phó Giám đốc | F80: Tổng Giám đốc/ Chief Executive Oficer

Sheet Khac_06137
A1: Phụ lục XXVI. Mẫu báo cáo về hoạt động của Quỹ Appendix XXVI. Report on Fund's Operation
A2: (Ban hành kèm theo Thông tư số 98/2020/TT-BTC ngày 16 tháng 11 năm 2020 của Bộ trưởng Bộ Tài về hướng dẫn hoạt động và quản lý quỹ đầu tư chứng khoán (Issued in association with Circular 98/2020/TT-BTC dated 16 November 2020 of the Minister of Finance on guiding the operation and management of the securities investment funds
A3: BÁO CÁO CHUNG VỀ HOẠT ĐỘNG ĐẦU TƯ CỦA QUỸ ETF REPORT ON ETF FUND'S INVESTMENT ACTIVITIES
A4: Tại ngày 30 tháng 09 năm 2026 - As at 30 September 2026
A6: 1. | B6: Tên công ty quản lý quỹ: Management Fund Company name: | C6: Công ty Cổ phần Quản lý Quỹ Việt Cát Vietnam Fortune Fund Management JSC
A7: 2. | B7: Tên ngân hàng giám sát: Supervising bank: | C7: Ngân Hàng TMCP Đầu tư và Phát triển Việt Nam - Chi nhánh Hà Thành Bank for Investment and Development of Vietnam Jsc - Hathanh Branch
A8: 3. | B8: Tên Quỹ: Fund name: | C8: QUỸ ETF VFCVN DIAMOND VFCVN DIAMOND ETF
A9: 4. | B9: Mã Chứng Khoán Code | C9: FUETPVND FUETPVND
A10: 5. | B10: Ngày lập báo cáo: Reporting Date: | C10: Ngày 15 tháng 10 năm 2026 15/10/2026
A11: V. MỘT SỐ CHỈ TIÊU KHÁC/ OTHER INDICATORS | E11: Đơn vị tính/Currency: VND
A12: TT NO | B12: Chỉ tiêu Indicators | C12: Mã chỉ tiêu Code | D12: Kỳ báo cáo This period | E12: Kỳ trước Previous period
A13: I | B13: Các chỉ tiêu về hiệu quả hoạt động Investment performance indicators | C13: 2251
A14: 1 | B14: Tỷ lệ giá dịch vụ quản lý quỹ trả cho công ty quản lý quỹ/Giá trị tài sản ròng trung bình trong kỳ (%) Management fee paid to the fund management company/Average NAV (%) | C14: 2252 | D14: 0.006500559 | E14: 0.0065005619
A15: 2 | B15: Tỷ lệ giá dịch vụ lưu ký, giám sát trả cho Ngân hàng Giám sát/Giá trị tài sản ròng trung bình trong kỳ (%) Custody and supervising fees paid to the Supervisory Bank/Average NAV (%) | C15: 2253 | D15: 0.0054590674 | E15: 0.0052511762
A16: 3 | B16: Tỷ lệ chi phí dịch vụ quản trị quỹ, và các chi phí khác mà công ty quản lý quỹ trả cho tổ chức cung cấp dịch vụ có liên quan/Giá trị tài sản ròng của quỹ trung bình trong kỳ (%) Fund admin fee, and other fees paid to relating services providers by the fund management company/Average NAV (%) | C16: 2254 | D16: 0.0072197371 | E16: 0.0068573516
A17: 4 | B17: Chi phí kiểm toán trả cho tổ chức kiểm toán (nếu phát sinh)/Giá trị tài sản ròng trung bình trong kỳ (%) Auditing fee paid to auditing organizations (if any)/Average NAV (%) | C17: 2255 | D17: 0.0013372485 | E17: 0.0010647379
A18: 5 | B18: Chi phí trả cho tổ chức quản lý bất động sản/ Giá trị tài sản ròng trung bình trong kỳ (%) (không áp dụng) Fee paid to Real Estate management organisation/ Average NAV (%) (not applicable) | C18: 2256 | D18: 0 | E18: 0
A19: 6 | B19: Chi phí trả cho doanh nghiệp thẩm định giá bất động sản/Giá trị tài sản ròng trung bình trong kỳ (%) (không áp dụng) Fee paid to Real Estate valuation service provider/ Average NAV (%) (not applicable) | C19: 2257 | D19: 0 | E19: 0
A20: 7 | B20: Chi phí dịch vụ tư vấn pháp lý, dịch vụ báo giá và các dịch vụ hợp lý khác, thù lao trả cho ban đại diện quỹ/Giá trị tài sản ròng trung bình trong kỳ (%) Legal consultancy, price quotation and other appropriate service fees; remunerations paid to the Board of Representatives/Average NAV (%) | C20: 2268 | D20: 0.0031357822 | E20: 0.0033749541
A21: 8 | B21: Tỷ lệ chi phí hoạt động/Giá trị tài sản ròng trung bình trong kỳ (%) Operating expense over average NAV ratio (%) | C21: 2269 | D21: 0.023652394 | E21: 0.023048782
A22: 9 | B22: Tốc độ vòng quay danh mục trong kỳ (%) = (Tổng giá trị mua vào + tổng giá trị bán ra) x 100%/ (2 x Giá trị tài sản ròng trung bình trong kỳ) Portfolio turnover rate (%) = (Total value of purchase transactions + total value of sales transactions) x 100%/ (2 x Average NAV) (**) | C22: 2270 | D22: 0.0060001457 | E22: 0.20477814
A23: 10 | B23: Tỷ lệ thu nhập (tính cả thu nhập từ lãi, cổ tức, trái tức, chênh lệch giá)/ Giá trị tài sản ròng (không áp dụng) Income (including interest income, dividend, coupon income and unrealised gain)/ Average NAV (%) (not applicable) | C23: 2261
A24: II | B24: Các chỉ tiêu khác Other indicators | C24: 2262
A25: 1 | B25: Quy mô quỹ đầu kỳ Fund scale at the beginning of the period | C25: 2263 | D25: 56000000000 | E25: 56000000000
B26: Tổng giá trị chứng chỉ quỹ đang lưu hành đầu kỳ Total value of outstanding Fund Certificate at the beginning of period | C26: 2264 | D26: 56000000000 | E26: 56000000000
B27: Tổng số lượng chứng chỉ quỹ đang lưu hành đầu kỳ Total number of outstanding Fund Certificate at the beginning of period | C27: 2265 | D27: 5600000 | E27: 5600000
A28: 2 | B28: Thay đổi quy mô quỹ trong kỳ Change of Fund scale during the period | C28: 2266
B29: Thay đổi số lượng chứng chỉ quỹ trong kỳ Change of Number of Fund Certificates during the period | C29: 2266.1
B30: Thay đổi giá trị vốn trong kỳ (theo mệnh giá) Change in capital amount during the period (based on par value) | C30: 2266.2
B31: Số lượng chứng chỉ quỹ phát hành thêm trong kỳ Number of Fund Certificates subscribed during the period | C31: 2267
B32: Giá trị vốn huy động thêm trong kỳ (theo mệnh giá) Net subscription amount during the period (based on par value) | C32: 2268
B33: Số lượng chứng chỉ quỹ mua lại trong kỳ (theo mệnh giá) Number of Fund Certificates redeemed during the period | C33: 2269
B34: Giá trị vốn phải thanh toán trong kỳ khi đáp ứng lệnh của nhà đầu tư (theo mệnh giá) Net redemption amount during the period (based on par value) | C34: 2270
A35: 3 | B35: Quy mô quỹ cuối kỳ Fund scale at the end of the period | C35: 2271 | D35: 56000000000 | E35: 56000000000
B36: Tổng giá trị thị trường của quỹ đang lưu hành cuối kỳ (theo mệnh giá) Total value of outstanding Fund Certificate at the end of the period (based on par value) | C36: 2272 | D36: 56000000000 | E36: 56000000000
B37: Tổng số lượng chứng chỉ quỹ đang lưu hành cuối kỳ Total number of outstanding Fund Certificate at the end of the period | C37: 2273 | D37: 5600000 | E37: 5600000
A38: 4 | B38: Tỷ lệ nắm giữ chứng chỉ quỹ của công ty quản lý quỹ và người có liên quan cuối kỳ Fund Management Company and related parties' ownership ratio at the end of the period | C38: 2274 | D38: 0.7768 | E38: 0.84
A39: 5 | B39: Tỷ lệ nắm giữ chứng chỉ quỹ của 10 nhà đầu tư lớn nhất cuối kỳ Top 10 investors' ownership ratio at the end of the period | C39: 2275 | D39: 0.9977 | E39: 0.9994
A40: 6 | B40: Tỷ lệ nắm giữ chứng chỉ quỹ của nhà đầu tư nước ngoài cuối kỳ Foreign investors' ownership ratio at the end of the period | C40: 2276 | D40: 0 | E40: 0
A41: 7 | B41: Giá trị tài sản ròng trên một chứng chỉ quỹ cuối kỳ Net asset value per Fund Certificate at the end of period | C41: 2277 | D41: 9851.53 | E41: 10759.92
A42: 8 | B42: Giá trị thị trường trên một chứng chỉ quỹ cuối kỳ Market value per Fund Certificate at the end of period | C42: 2278 | D42: 10020 | E42: 11000
A43: 9 | B43: Số nhà đầu tư tham gia vào quỹ, kể cả giao dịch ký danh Number of investors of the Fund at the end of the period | C43: 2279 | D43: 53 | E43: 36
A49: Đại diện có thẩm quyền của Ngân hàng giám sát | D49: Đại diện có thẩm quyền của Công ty quản lý Quỹ
A50: Authorised Representative of Supervisory Bank | D50: Authorised Representative of Fund Management Company
A60: Ngân hàng TMCP Đầu tư và Phát triển Việt Nam - Chi nhánh Hà Thành | D60: Công ty Cổ phần Quản lý Quỹ Việt Cát
A61: Lê Mỹ Linh | D61: Nguyễn Minh Hạnh
A62: Phó Giám đốc | D62: Tổng Giám đốc/ Chief Executive Oficer

Sheet TB310815
E2: GENERAL LEDGER TRIAL BALANCE
E3: Fund | F3: SSIETF | G3: SSIAM HXN30 ETF | H3: Page : 1/1
A4: General Ledger Trail Balance To | E4: 30/09/2015 00:00 Currency VND | G4: DONG | H4: Report : SHJNA102
H5: 01/10/2015 08:37
E6: Nav Type Official | G6: Historical
A7: Account | B7: IFRS | C7: Suff Acc | D7: Maturity | E7: Description | G7: - - - - - - - - - - - - | H7: - Balance - - - - - - - - - - - - -
B8: Class | D8: Ccy Date | G8: Account Ccy | H8: Fund CcyVND
A9: 101100 | B9: - | D9: VND | E9: Investment - Equities | F9: VND | G9: 99270385463 | H9: 99270385463
A10: 120120 | B10: - | D10: VND | E10: Prepaid Expenses | F10: VND | G10: 5041096 | H10: 5041096
A11: 132100 | B11: - | C11: 7 | D11: VND | E11: Dividend Receivable | F11: VND | G11: 75750000 | H11: 75750000
A12: 140130 | B12: - | C12: 7 | D12: VND | E12: Cash in Bank STANDARD | F12: VND | G12: 697247341 | H12: 697247341
E13: CHARTERED BANK VIETNAM
A14: 161100 | B14: - | D14: VND | E14: Prov Unr P/L - Equities | F14: VND | G14: -20209998863 | H14: -20209998863
A15: 213103 | B15: - | D15: VND | E15: Exp Accrual - Admin Fee | F15: VND | G15: -20350000 | H15: -20350000
A16: 213105 | B16: - | D16: VND | E16: Exp Accrual - Audit Fee | F16: VND | G16: -47433628 | H16: -47433628
A17: 213107 | B17: - | D17: VND | E17: Exp Accrual - Custody Fee | F17: VND | G17: -10500000 | H17: -10500000
A18: 213108 | B18: - | D18: VND | E18: Exp Accrual - Directors Fee | F18: VND | G18: -4500000 | H18: -4500000
A19: 213110 | B19: - | D19: VND | E19: Exp Accrual - Fund Svces Fee | F19: VND | G19: -23100000 | H19: -23100000
A20: 213129 | B20: - | D20: VND | E20: Exp Accrual - Transfer Agt Fee | F20: VND | G20: -16500000 | H20: -16500000
A21: 213154 | B21: - | D21: VND | E21: Exp Accrual - Other Expense | F21: VND | G21: -7479452 | H21: -7479452
A22: 213162 | B22: - | D22: VND | E22: Accruals for Other Expenses | F22: VND | G22: -29917808 | H22: -29917808
A23: 213500 | B23: - | D23: VND | E23: Exp Accrual - Management | F23: VND | G23: -32794200 | H23: -32794200
E24: Fee
A25: 301000 | B25: - | D25: VND | E25: Capital - Subscription | F25: VND | G25: -103000000000 | H25: -103000000000
A26: 302000 | B26: - | D26: VND | E26: Capital - Redemption | F26: VND | G26: 2000000000 | H26: 2000000000
A27: 303102 | B27: - | D27: VND | E27: Unit Premium Reserve | F27: VND | G27: -39292726 | H27: -39292726
A28: 411100 | B28: - | D28: VND | E28: R/L G/P - Equities | F28: VND | G28: -906550970 | H28: -906550970
A29: 431100 | B29: - | D29: VND | E29: UR/L G/P - Equities | F29: VND | G29: 20209998863 | H29: 20209998863
A30: 451100 | B30: - | D30: VND | E30: Dividend Income - Equities | F30: VND | G30: -2943136162 | H30: -2943136162
A31: 511100 | B31: - | D31: VND | E31: R/L L/P - Equities | F31: VND | G31: 3608505507 | H31: 3608505507
A32: 511190 | B32: - | D32: VND | E32: R/L L/P - Exchange Traded | F32: VND | G32: 46000000 | H32: 46000000
E33: Fund
A34: 553103 | B34: - | D34: VND | E34: Admin Fee | F34: VND | G34: 203500000 | H34: 203500000
A35: 553105 | B35: - | D35: VND | E35: Audit Fee | F35: VND | G35: 47433628 | H35: 47433628
A36: 553107 | B36: - | D36: VND | E36: Custody Fee | F36: VND | G36: 105000000 | H36: 105000000
A37: 553108 | B37: - | D37: VND | E37: Directors Fee | F37: VND | G37: 120000000 | H37: 120000000
A38: 553110 | B38: - | D38: VND | E38: Fund Services Fee | F38: VND | G38: 231000000 | H38: 231000000
A39: 553115 | B39: - | D39: VND | E39: Preliminary Fee | F39: VND | G39: 61500000 | H39: 61500000
A40: 553122 | B40: - | D40: VND | E40: Safekeeping Fee | F40: VND | G40: 21528659 | H40: 21528659
A41: 553128 | B41: - | D41: VND | E41: Transaction Fee | F41: VND | G41: 13450000 | H41: 13450000
A42: 553129 | B42: - | D42: VND | E42: Transfer Agent Fee | F42: VND | G42: 53225807 | H42: 53225807
A43: 553130 | B43: - | D43: VND | E43: Brokerage Fee | F43: VND | G43: 63998505 | H43: 63998505
A44: 553135 | B44: - | D44: VND | E44: Listing Expenses | F44: VND | G44: 15000000 | H44: 15000000
A45: 553141 | B45: - | D45: VND | E45: Bank Charges | F45: VND | G45: 3333671 | H45: 3333671
... A51: 555204 | B51: - | D51: VND | E51: Printing & Anouncement | F51: VND | G51: 17358000 | H51: 17358000
G52: Closing Balance | H52: 0
G53: Total Debits | H53: 127291553809
G54: Total Credits | H54: 127291553809
G55: Total Asset and Liabilities | H55: 79645849949
G56: Total Capital and PL | H56: -79645849949
G57: Total Off Balance | H57: 0

Sheet Sheet1
A1: 101100 | B1: Investment - Equities | C1: 97723061107
A2: 120120 | B2: Prepaid Expenses | C2: 11780821
A3: 132100 | B3: Dividend Receivable | C3: 344463000
A4: 140130 | B4: Cash in Bank STANDARD | C4: 721758470
B5: CHARTERED BANK VIETNAM
A6: 161100 | B6: Prov Unr P/L - Equities | C6: -11716973407
A7: 212261 | B7: Redemption fee payable- Distri | C7: -1665240
A8: 213103 | B8: Exp Accrual - Admin Fee | C8: -20350000
A9: 213105 | B9: Exp Accrual - Audit Fee | C9: -4247788
A10: 213107 | B10: Exp Accrual - Custody Fee | C10: -10500000
A11: 213108 | B11: Exp Accrual - Directors Fee | C11: -30000000
A12: 213110 | B12: Exp Accrual - Fund Svces Fee | C12: -23100000
A13: 213128 | B13: Exp Accrual - Transaction Fee | C13: -2800000
A14: 213129 | B14: Exp Accrual - Transfer Agt Fee | C14: -11000000
A15: 213154 | B15: Exp Accrual - Other Expense | C15: -4191780
A16: 213162 | B16: Accruals for Other Expenses | C16: -16547945
A17: 213500 | B17: Exp Accrual - Management | C17: -34960748
... A46: 555204 | B46: Printing & Anouncement | C46: 17358000

Sheet Sheet2
E2: GENERAL LEDGER TRIAL BALANCE
E3: Fund | F3: SSIETF | G3: Page : | H3: 1/2
A4: General Ledger Trail Balance To | E4: 30/06/2015 00:00 Currency VND | G4: Report | H4: : SHJNA102
H5: 01/07/2015 17:44
E6: Nav Type Official
A7: Account | B7: IFRS | C7: Suff Acc | D7: Maturity | E7: Description | G7: - - - - - - - - - - Balance - - - | H7: - - - - - - - - - -
B8: Class | D8: Ccy Date | G8: Account Ccy | H8: Fund CcyVND
A9: 101100 | B9: - | D9: VND | E9: Investment - Equities | F9: VND | G9: 97953061107 | H9: 97953061107 | I9: =VLOOKUP(A9,#REF!,7,0) -> #REF!
A10: 120120 | B10: - | D10: VND | E10: Prepaid Expenses | F10: VND | G10: 10082192 | H10: 10082192 | I10: =VLOOKUP(A10,#REF!,7,0) -> #REF!
A11: 132100 | B11: - | C11: 7 | D11: VND | E11: Dividend Receivable | F11: VND | G11: 236280000 | H11: 236280000 | I11: =VLOOKUP(A11,#REF!,7,0) -> #REF!
A12: 140130 | B12: - | C12: 7 | D12: VND | E12: Cash in Bank STANDARD | F12: VND | G12: 845470295 | H12: 845470295 | I12: =VLOOKUP(A12,#REF!,7,0) -> #REF!
E13: CHARTERED BANK VIETNAM | I13: =VLOOKUP(A13,#REF!,7,0) -> #REF!
A14: 161100 | B14: - | D14: VND | E14: Prov Unr P/L - Equities | F14: VND | G14: -9276506607 | H14: -9276506607 | I14: =VLOOKUP(A14,#REF!,7,0) -> #REF!
A15: 212261 | B15: - | D15: VND | E15: Redemption fee payable- Distri | F15: VND | G15: -1665240 | H15: -1665240 | I15: =VLOOKUP(A15,#REF!,7,0) -> #REF!
A16: 213103 | B16: - | D16: VND | E16: Exp Accrual - Admin Fee | F16: VND | G16: -20350000 | H16: -20350000 | I16: =VLOOKUP(A16,#REF!,7,0) -> #REF!
A17: 213105 | B17: - | D17: VND | E17: Exp Accrual - Audit Fee | F17: VND | G17: -14867257 | H17: -14867257 | I17: =VLOOKUP(A17,#REF!,7,0) -> #REF!
A18: 213107 | B18: - | D18: VND | E18: Exp Accrual - Custody Fee | F18: VND | G18: -10500000 | H18: -10500000 | I18: =VLOOKUP(A18,#REF!,7,0) -> #REF!
A19: 213108 | B19: - | D19: VND | E19: Exp Accrual - Directors Fee | F19: VND | G19: -4500000 | H19: -4500000 | I19: =VLOOKUP(A19,#REF!,7,0) -> #REF!
A20: 213110 | B20: - | D20: VND | E20: Exp Accrual - Fund Svces Fee | F20: VND | G20: -23100000 | H20: -23100000 | I20: =VLOOKUP(A20,#REF!,7,0) -> #REF!
A21: 213128 | B21: - | D21: VND | E21: Exp Accrual - Transaction Fee | F21: VND | G21: -100000 | H21: -100000 | I21: =VLOOKUP(A21,#REF!,7,0) -> #REF!
A22: 213129 | B22: - | D22: VND | E22: Exp Accrual - Transfer Agt Fee | F22: VND | G22: -16500000 | H22: -16500000 | I22: =VLOOKUP(A22,#REF!,7,0) -> #REF!
A23: 213154 | B23: - | D23: VND | E23: Exp Accrual - Other Expense | F23: VND | G23: -4958904 | H23: -4958904 | I23: =VLOOKUP(A23,#REF!,7,0) -> #REF!
A24: 213162 | B24: - | D24: VND | E24: Accruals for Other Expenses | F24: VND | G24: -19835616 | H24: -19835616 | I24: =VLOOKUP(A24,#REF!,7,0) -> #REF!
A25: 213500 | B25: - | D25: VND | E25: Exp Accrual - Management | F25: VND | G25: -37665310 | H25: -37665310 | I25: =VLOOKUP(A25,#REF!,7,0) -> #REF!
E26: Fee | I26: =VLOOKUP(A26,#REF!,7,0) -> #REF!
A27: 301000 | B27: - | D27: VND | E27: Capital - Subscription | F27: VND | G27: -103000000000 | H27: -103000000000 | I27: =VLOOKUP(A27,#REF!,7,0) -> #REF!
A28: 302000 | B28: - | D28: VND | E28: Capital - Redemption | F28: VND | G28: 2000000000 | H28: 2000000000 | I28: =VLOOKUP(A28,#REF!,7,0) -> #REF!
A29: 303102 | B29: - | D29: VND | E29: Unit Premium Reserve | F29: VND | G29: -39292726 | H29: -39292726 | I29: =VLOOKUP(A29,#REF!,7,0) -> #REF!
A30: 411100 | B30: - | D30: VND | E30: R/L G/P - Equities | F30: VND | G30: -121322718 | H30: -121322718 | I30: =VLOOKUP(A30,#REF!,7,0) -> #REF!
A31: 431100 | B31: - | D31: VND | E31: UR/L G/P - Equities | F31: VND | G31: 9276506607 | H31: 9276506607 | I31: =VLOOKUP(A31,#REF!,7,0) -> #REF!
A32: 451100 | B32: - | D32: VND | E32: Dividend Income - Equities | F32: VND | G32: -2116956162 | H32: -2116956162 | I32: =VLOOKUP(A32,#REF!,7,0) -> #REF!
A33: 511100 | B33: - | D33: VND | E33: R/L L/P - Equities | F33: VND | G33: 3383871611 | H33: 3383871611 | I33: =VLOOKUP(A33,#REF!,7,0) -> #REF!
A34: 511190 | B34: - | D34: VND | E34: R/L L/P - Exchange Traded | F34: VND | G34: 46000000 | H34: 46000000 | I34: =VLOOKUP(A34,#REF!,7,0) -> #REF!
E35: Fund | I35: =VLOOKUP(A35,#REF!,7,0) -> #REF!
A36: 553103 | B36: - | D36: VND | E36: Admin Fee | F36: VND | G36: 142450000 | H36: 142450000 | I36: =VLOOKUP(A36,#REF!,7,0) -> #REF!
A37: 553105 | B37: - | D37: VND | E37: Audit Fee | F37: VND | G37: 14867257 | H37: 14867257 | I37: =VLOOKUP(A37,#REF!,7,0) -> #REF!
A38: 553107 | B38: - | D38: VND | E38: Custody Fee | F38: VND | G38: 73500000 | H38: 73500000 | I38: =VLOOKUP(A38,#REF!,7,0) -> #REF!
A39: 553108 | B39: - | D39: VND | E39: Directors Fee | F39: VND | G39: 75000000 | H39: 75000000 | I39: =VLOOKUP(A39,#REF!,7,0) -> #REF!
A40: 553110 | B40: - | D40: VND | E40: Fund Services Fee | F40: VND | G40: 161700000 | H40: 161700000 | I40: =VLOOKUP(A40,#REF!,7,0) -> #REF!
A41: 553115 | B41: - | D41: VND | E41: Preliminary Fee | F41: VND | G41: 61500000 | H41: 61500000 | I41: =VLOOKUP(A41,#REF!,7,0) -> #REF!
A42: 553122 | B42: - | D42: VND | E42: Safekeeping Fee | F42: VND | G42: 13933613 | H42: 13933613 | I42: =VLOOKUP(A42,#REF!,7,0) -> #REF!
A43: 553128 | B43: - | D43: VND | E43: Transaction Fee | F43: VND | G43: 10450000 | H43: 10450000 | I43: =VLOOKUP(A43,#REF!,7,0) -> #REF!
A44: 553129 | B44: - | D44: VND | E44: Transfer Agent Fee | F44: VND | G44: 36725807 | H44: 36725807 | I44: =VLOOKUP(A44,#REF!,7,0) -> #REF!
A45: 553130 | B45: - | D45: VND | E45: Brokerage Fee | F45: VND | G45: 35614890 | H45: 35614890 | I45: =VLOOKUP(A45,#REF!,7,0) -> #REF!
A46: 553135 | B46: - | D46: VND | E46: Listing Expenses | F46: VND | G46: 15000000 | H46: 15000000 | I46: =VLOOKUP(A46,#REF!,7,0) -> #REF!
A47: 553141 | B47: - | D47: VND | E47: Bank Charges | F47: VND | G47: 2004635 | H47: 2004635 | I47: =VLOOKUP(A47,#REF!,7,0) -> #REF!
... A53: 555204 | B53: - | D53: VND | E53: Printing & Anouncement | F53: VND | G53: 17358000 | H53: 17358000 | I53: =VLOOKUP(A53,#REF!,7,0) -> #REF!
H54: 0 | I54: =VLOOKUP(A54,#REF!,7,0) -> #REF!
H55: 114708120540 | I55: =VLOOKUP(A55,#REF!,7,0) -> #REF!
H56: 114708120540 | I56: =VLOOKUP(A56,#REF!,7,0) -> #REF!
H57: 89614344660 | I57: =VLOOKUP(A57,#REF!,7,0) -> #REF!
I58: =VLOOKUP(A58,#REF!,7,0) -> #REF!
E59: GENERAL LEDGER TRIAL BALANCE | I59: =VLOOKUP(A59,#REF!,7,0) -> #REF!
E60: Fund | F60: SSIETF | G60: Page : | H60: 2/2 | I60: =VLOOKUP(A60,#REF!,7,0) -> #REF!
A61: General Ledger Trail Balance To | E61: 30/06/2015 00:00 Currency VND | G61: Report | H61: : SHJNA102 | I61: =VLOOKUP(A61,#REF!,7,0) -> #REF!
H62: 01/07/2015 17:44 | I62: =VLOOKUP(A62,#REF!,7,0) -> #REF!
E63: Nav Type Official | I63: =VLOOKUP(A63,#REF!,7,0) -> #REF!
A64: Account | B64: IFRS | C64: Suff Acc | D64: Maturity | E64: Description | G64: - - - - - - - - - - Balance - - - | H64: - - - - - - - - - - | I64: =VLOOKUP(A64,#REF!,7,0) -> #REF!
B65: Class | D65: Ccy Date | G65: Account Ccy | H65: Fund CcyVND | I65: =VLOOKUP(A65,#REF!,7,0) -> #REF!
H66: -89614344660 | I66: =VLOOKUP(A66,#REF!,7,0) -> #REF!
H67: 0 | I67: =VLOOKUP(A67,#REF!,7,0) -> #REF!
G68: Total Capital and PL | H68: -90551696130 | I68: =VLOOKUP(A68,#REF!,7,0) -> #REF!
G69: Total Off Balance | H69: 0 | I69: =VLOOKUP(A69,#REF!,7,0) -> #REF!

Sheet Raw TB
E2: GENERAL LEDGER TRIAL BALANCE
F3: Fund | G3: SSIETF | H3: SSIAM HXN30 ETF | T3: Page :
A4: General Ledger Trail Balance To | E4: 31/07/2015 00:00 | F4: Currency VND | H4: DONG | T4: Report
T5: 05/08/2015 10:06
F6: Nav Type Official | H6: Historical
A7: Account | B7: IFRS | C7: Suff Acc | D7: Maturity | E7: Description | H7: - | I7: - | J7: - | K7: - | L7: - | M7: - | N7: - | O7: - | P7: - | Q7: - | R7: - | S7: - | T7: - Balance - - - | U7: - | AD7: -
B8: Class | D8: Ccy Date | Q8: Account Ccy
A9: 101100 | B9: - | D9: VND | E9: Investment - Equities | G9: VND | M9: 97118092668 | O9: 97118092668
A10: 120120 | B10: - | D10: VND | E10: Prepaid Expenses | G10: VND | O10: 8383562
A11: 132100 | B11: - | C11: 7 | D11: VND | E11: Dividend Receivable | G11: VND | M11: 8383562 | O11: 702960000
A12: 132150 | B12: - | C12: 7 | D12: VND | E12: Due From Broker - Equities | G12: VND | M12: 702960000 | O12: 853937170
A13: 140130 | B13: - | C13: 7 | D13: VND | E13: Cash in Bank STANDARD | G13: VND | M13: 984277096 | O13: 984277096 | P13: =O13-O12 -> 130339926
E14: CHARTERED BANK VIETNAM
A15: 161100 | B15: - | D15: VND | E15: Prov Unr P/L - Equities | G15: VND | M15: 984277096 | O15: -9111705068
A16: 212261 | B16: - | D16: VND | E16: Redemption fee payable- Distri | G16: VND | M16: -9111705068 | O16: -1665240
A17: 213103 | B17: - | D17: VND | E17: Exp Accrual - Admin Fee | G17: VND | O17: -20350000
A18: 213105 | B18: - | D18: VND | E18: Exp Accrual - Audit Fee | G18: VND | O18: -25840708
A19: 213107 | B19: - | D19: VND | E19: Exp Accrual - Custody Fee | G19: VND | M19: -1665240 | O19: -10500000
A20: 213108 | B20: - | D20: VND | E20: Exp Accrual - Directors Fee | G20: VND | M20: -20350000 | O20: -19500000
A21: 213110 | B21: - | D21: VND | E21: Exp Accrual - Fund Svces Fee | G21: VND | M21: -25840708 | O21: -23100000
A22: 213128 | B22: - | D22: VND | E22: Exp Accrual - Transaction Fee | G22: VND | M22: -10500000 | O22: -200000
A23: 213129 | B23: - | D23: VND | E23: Exp Accrual - Transfer Agt Fee | G23: VND | M23: -19500000 | O23: -5500000
A24: 213154 | B24: - | D24: VND | E24: Exp Accrual - Other Expense | G24: VND | M24: -23100000 | O24: -5808219
A25: 213162 | B25: - | D25: VND | E25: Accruals for Other Expenses | G25: VND | O25: -23232877
A26: 213500 | B26: - | D26: VND | E26: Exp Accrual - Management | G26: VND | O26: -39255860
E27: Fee | M27: -200000
A28: 213505 | B28: - | D28: VND | E28: Management Fee Payable | G28: VND | M28: -5500000 | O28: -37665310
A29: 301000 | B29: - | D29: VND | E29: Capital - Subscription | G29: VND | M29: -5808219 | O29: -103000000000
A30: 302000 | B30: - | D30: VND | E30: Capital - Redemption | G30: VND | O30: 2000000000
A31: 303102 | B31: - | D31: VND | E31: Unit Premium Reserve | G31: VND | O31: -39292726
A32: 411100 | B32: - | D32: VND | E32: R/L G/P - Equities | G32: VND | M32: -23232877 | O32: -121322718
A33: 431100 | B33: - | D33: VND | E33: UR/L G/P - Equities | G33: VND | M33: -39255860 | O33: 9111705068
A34: 451100 | B34: - | D34: VND | E34: Dividend Income - Equities | G34: VND | O34: -2867386162
A35: 511100 | B35: - | D35: VND | E35: R/L L/P - Equities | G35: VND | M35: -37665310 | O35: 3435370050
A36: 511190 | B36: - | D36: VND | E36: R/L L/P - Exchange Traded | G36: VND | O36: 46000000
E37: Fund
A38: 553103 | B38: - | D38: VND | E38: Admin Fee | G38: VND | M38: -103000000000 | O38: 162800000
A39: 553105 | B39: - | D39: VND | E39: Audit Fee | G39: VND | M39: 2000000000 | O39: 25840708
A40: 553107 | B40: - | D40: VND | E40: Custody Fee | G40: VND | M40: -39292726 | O40: 84000000
A41: 553108 | B41: - | D41: VND | E41: Directors Fee | G41: VND | O41: 90000000
A42: 553110 | B42: - | D42: VND | E42: Fund Services Fee | G42: VND | M42: -121322718 | O42: 184800000
A43: 553115 | B43: - | D43: VND | E43: Preliminary Fee | G43: VND | M43: 9111705068 | O43: 61500000
A44: 553122 | B44: - | D44: VND | E44: Safekeeping Fee | G44: VND | O44: 16375687
A45: 553128 | B45: - | D45: VND | E45: Transaction Fee | G45: VND | M45: -2867386162 | O45: 10650000
A46: 553129 | B46: - | D46: VND | E46: Transfer Agent Fee | G46: VND | O46: 42225807
A47: 553130 | B47: - | D47: VND | E47: Brokerage Fee | G47: VND | M47: 3435370050 | O47: 37005345
A48: 553135 | B48: - | D48: VND | E48: Listing Expenses | G48: VND | M48: 46000000 | O48: 15000000
A49: 553141 | B49: - | D49: VND | E49: Bank Charges | G49: VND | O49: 2098135
A50: 553194 | B50: - | D50: VND | E50: Travel & Accommodation Exp | G50: VND | M50: 162800000 | O50: 23232877
A51: 553249 | B51: - | D51: VND | E51: AGM Fee | G51: VND | M51: 25840708 | O51: 8866160
A52: 553381 | B52: - | D52: VND | E52: Depository Transfer Fee | G52: VND | M52: 84000000 | O52: 614550
A53: 555100 | B53: - | D53: VND | E53: Management Fee | G53: VND | M53: 90000000 | O53: 286807348
A54: 555167 | B54: - | D54: VND | E54: Annual Fee Expense | G54: VND | M54: 184800000 | O54: 22424657
A55: 555204 | B55: - | D55: VND | E55: Printing & Anouncement | G55: VND | M55: 61500000 | O55: 17358000
H56: Closing Balance | AD56: 0
H57: Total Debits
H58: Total Credits | M58: 16375687
M59: 10650000
E60: GENERAL LEDGER TRIAL BALANCE | M60: 42225807
F61: Fund | G61: SSIETF | H61: SSIAM HXN30 ETF | M61: 37005345 | T61: Page :
A62: General Ledger Trail Balance To | E62: 31/07/2015 00:00 | F62: Currency VND | H62: DONG | M62: 15000000 | T62: Report
M63: 2098135 | T63: 05/08/2015 10:06
F64: Nav Type Official | H64: Historical | M64: 23232877
A65: Account | B65: IFRS | C65: Suff Acc | D65: Maturity | E65: Description | H65: - | I65: - | J65: - | K65: - | L65: - | N65: - | O65: - | P65: - | Q65: - | R65: - | S65: - | T65: - Balance - - - | U65: - | AD65: -
B66: Class | D66: Ccy Date | M66: 8866160 | Q66: Account Ccy
H67: Total Asset and Liabilities | M67: 614550
H68: Total Capital and PL | M68: 286807348
H69: Total Off Balance | AD69: 0
M70: 22424657
M71: 17358000

Sheet PURCHASES & SALES
F50: PURCHASE & SALES REPORT
A51: Date From | C51: 01/11/2015 | I51: Report : SDSEC062
A52: Date to | C52: 30/11/2015 | E52: FUND SSIETF | F52: SSIAM HXN30 ETF | H52: 01/12/2015 19:08
E53: Currency VND DONG
A54: Trade date | B54: Tr. ref. | D54: Security ID | E54: Description | F54: Face value/Quantity | G54: Cost | H54: Proceeds | I54: Gain/Loss
A55: Transaction Type: | C55: Sales
A56: 02/11/2015 | B56: BO | C56: 211 | D56: 44496 | E56: CEO INVESTMENT JSC | F56: 30300 | G56: 369244286 | H56: 484800000 | I56: 115555714
A57: 02/11/2015 | B57: BO | C57: 212 | D57: 42116 | E57: PETROLIMEX PETROCHEMICAL JSC | F57: 20200 | G57: 597854262 | H57: 747800000 | I57: 149945738
A58: 02/11/2015 | B58: BO | C58: 213 | D58: 17389 | E58: TIEN PHONG PLASTIC JSC | F58: 10100 | G58: 471935907 | H58: 616460000 | I58: 144524093
A59: 02/11/2015 | B59: BO | C59: 214 | D59: 7521 | E59: SAI GON THUONG TIN REAL ESTATE JSC | F59: 40400 | G59: 354422221 | H59: 319160000 | I59: -35262221
A60: 02/11/2015 | B60: BO | C60: 215 | D60: 38121 | E60: BIM SON CEMENT JSC | F60: 20200 | G60: 295880000 | H60: 300180000 | I60: 4300000
A61: 02/11/2015 | B61: BO | C61: 216 | D61: 15690 | E61: KIM LONG SECURITIES CORP | F61: 70700 | G61: 781903238 | H61: 487830000 | I61: -294073238
A62: 02/11/2015 | B62: BO | C62: 217 | D62: 42115 | E62: KLF JOINT VENTURE GLOBAL INVESTMENT | F62: 40400 | G62: 434854326 | H62: 173720000 | I62: -261134326
A63: 02/11/2015 | B63: BO | C63: 218 | D63: 42127 | E63: ANPHAT PLASTIC AND GREEN ENV JSC | F63: 30300 | G63: 376030649 | H63: 354510000 | I63: -21520649
A64: 02/11/2015 | B64: BO | C64: 219 | D64: 42120 | E64: SAIGON-HANOI SECURITIES | F64: 20200 | G64: 234190261 | H64: 143420000 | I64: -90770261
A65: 02/11/2015 | B65: BO | C65: 220 | D65: 15691 | E65: VNDIRECT SECURITIES CORPORATION | F65: 70700 | G65: 988509553 | H65: 956290000 | I65: -32219553
A66: 06/11/2015 | B66: BO | C66: 226 | D66: 46186 | E66: SONG DA NO 6 JSC | F66: 40400 | G66: 587750000 | H66: 496380000 | I66: -91370000
A67: 06/11/2015 | B67: BO | C67: 227 | D67: 46185 | E67: SONG DA NO 9 JSC | F67: 40400 | G67: 584080000 | H67: 532390000 | I67: -51690000
... A85: 20/11/2015 | B85: BO | C85: 277 | D85: 38121 | E85: BIM SON CEMENT JSC | F85: 6300 | G85: 92203364 | H85: 91350000 | I85: -853364
A86: 20/11/2015 | B86: BO 278 | D86: 42127 | E86: ANPHAT PLASTIC AND GREEN ENV JSC | F86: 9000 | G86: 110217946 | H86: 94500000 | I86: -15717946
A87: 20/11/2015 | B87: BO 279 | D87: 16732 | E87: BAO VIET SECURITIES CO | F87: 8100 | G87: 122994278 | H87: 102060000 | I87: -20934278
A88: 20/11/2015 | B88: BO 280 | D88: 54074 | E88: DANANG HOUSING INVESTMENT DEVLOPMENT CO | F88: 6300 | G88: 84740727 | H88: 81270000 | I88: -3470727
A89: 20/11/2015 | B89: BO 281 | D89: 42119 | E89: PETROVIETNAM COATING JSC | F89: 2700 | G89: 136612605 | H89: 92070000 | I89: -44542605
A90: 20/11/2015 | B90: BO 282 | D90: 53999 | E90: BAO THU DEVELOPMENT & INVESTMENT JSC | F90: 9900 | G90: 75904125 | H90: 79200000 | I90: 3295875
A91: 20/11/2015 | B91: BO 283 | D91: 11910 | E91: SONG DA NO.10 JSC | F91: 4500 | G91: 74609087 | H91: 55350000 | I91: -19259087
A92: 20/11/2015 | B92: BO 284 | D92: 42112 | E92: HAI MINH CORP | F92: 3600 | G92: 82063281 | H92: 60840000 | I92: -21223281
A93: 26/11/2015 | B93: BO 285 | D93: 53636 | E93: HAI MINH CORP RIGHTS | F93: 30300 | G93: 0 | H93: 0 | I93: 0
E94: Total Sales | F94: 1065800 | G94: 14777885305 | H94: 12922470000 | I94: -1855415305

Sheet BC vay chuan
A1: Phụ lục XXVI. Mẫu báo cáo về hoạt động của Quỹ Appendix XXVI. Report on Fund's Operation
A2: (Ban hành kèm theo Thông tư số 98/2020/TT-BTC ngày 16 tháng 11 năm 2020 của Bộ trưởng Bộ Tài về hướng dẫn hoạt động và quản lý quỹ đầu tư chứng khoán (Issued in association with Circular 98/2020/TT-BTC dated 16 November 2020 of the Minister of Finance on guiding the operation and management of the securities investment funds
A3: BÁO CÁO CHUNG VỀ HOẠT ĐỘNG ĐẦU TƯ CỦA QUỸ ETF REPORT ON ETF FUND'S INVESTMENT ACTIVITIES
A5: Tại ngày 30 tháng 09 năm 2026 - As at 30 September 2026
A7: 1. | B7: Tên công ty quản lý quỹ: Management Fund Company name: | C7: Công ty Cổ phần Quản lý Quỹ Việt Cát Vietnam Fortune Fund Management JSC
A8: 2. | B8: Tên ngân hàng giám sát: Supervising bank: | C8: Ngân Hàng TMCP Đầu tư và Phát triển Việt Nam - Chi nhánh Hà Thành Bank for Investment and Development of Vietnam Jsc - Hathanh Branch
A9: 3. | B9: Tên Quỹ: Fund name: | C9: QUỸ ETF VFCVN DIAMOND VFCVN DIAMOND ETF
A10: 4. | B10: Mã Chứng Khoán Code | C10: FUETPVND FUETPVND
A11: 5. | B11: Ngày lập báo cáo: Reporting Date: | C11: Ngày 15 tháng 10 năm 2026 15/10/2026
A12: IV | B12: BÁO CÁO HOẠT ĐỘNG VAY, GIAO DỊCH MUA BÁN LẠI / REPORT ON BORROWING OPERATION, REPO/REVERSE REPO TRANSACTIONS
A13: STT No. | B13: Nội dung hoạt động (nêu chi tiết theo mục tiêu và đối tác) Description | C13: Mã chỉ tiêu Code | D13: Đối tác Counterparty | E13: Mục tiêu/Tài sản đảm bảo Collateral | F13: Kỳ hạn Term | G13: Giá trị khoản vay hoặc khoản cho vay Amount | H13: Thời điểm giao dịch As at transaction date | J13: Thời điểm báo cáo As at reporting date
H14: Ngày tháng năm Date | I14: Tỷ lệ giá trị hợp đồng/giá trị tài sản ròng của quỹ Balance/NAV | J14: Ngày tháng năm Date | K14: Tỷ lệ giá trị hợp đồng/giá trị tài sản ròng của quỹ Balance/NAV
A15: 1.1 | B15: Vay tiền (nêu chi tiết từng hợp đồng) Borrowings (detail by each contract) | C15: 2287
A16: I | B16: Tỷ lệ tiền vay từ các hợp đồng/giá trị tài sản ròng Borowings/NAV | C16: 2288
A17: 1.2 | B17: Hợp đồng Repo (nêu chi tiết từng hợp đồng) Repo (detail by each contract) | C17: 2289
A18: II | B18: Tổng giá trị các hợp đồng Repo/giá trị tài sản ròng Repo/NAV | C18: 2290
A19: A | B19: Tổng giá trị các khoản vay/giá trị tài sản ròng (=I+II) Total Borrowings, Repo/NAV | C19: 2291
A20: 2.1 | B20: Cho vay chứng khoán (nêu chi tiết từng hợp đồng) Margin (detail by each contract) | C20: 2292
A21: I | B21: Tổng giá trị các hợp đồng/giá trị tài sản ròng của quỹ Total Margin/NAV | C21: 2294
A22: 2.2 | B22: Hợp đồng Reverse Repo (nêu chi tiết từng hợp đồng) Reverse Repo (Detail by each contract) | C22: 2295
A23: II | B23: Tổng giá trị các hợp đồng/giá trị tài sản ròng của quỹ Reverse Repo/NAV | C23: 2296
A24: B | B24: Tổng giá trị các khoản cho vay/giá trị tài sản ròng (=III + IV) Total Loans/NAV | C24: 2297
A27: Đại diện có thẩm quyền của Ngân hàng giám sát | I27: Đại diện có thẩm quyền của Công ty quản lý Quỹ
A28: Authorised Representative of Supervisory Bank | I28: Authorised Representative of Fund Management Company
A35: Ngân hàng TMCP Đầu tư và Phát triển Việt Nam - CN Hà Thành | I35: Công ty Cổ phần Quản lý Quỹ Việt Cát
A36: Lê Mỹ Linh | I36: Nguyễn Minh Hạnh
A37: Phó Giám đốc | I37: Tổng Giám đốc/ Chief Executive Oficer

Sheet  BC han muc nuoc ngoai
A1: Phụ lục 07. Mẫu báo cáo hoạt động đầu tư của quỹ ETF Appendix 07. Report on ETF Fund's Investment Activities
A2: (Ban hành kèm theo Thông tư số 98/2020/TT-BTC ngày 16 tháng 11 năm 2020 của Bộ Tài chính) (Issued in association with Circular 98/2020/TT-BTC)
A3: BÁO CÁO VỀ TÌNH HÌNH TỰ DOANH ĐẦU TƯ GIÁN TIẾP RA NƯỚC NGOÀI CỦA QUỸ REPORT ON FUND'S FOREIGN PORFOLIO INVESTMENT
A5: ='NGAY THANG'!C21 -> Tại ngày 30 tháng 09 năm 2026 - As at 30 September 2026
A7: Tên công ty quản lý quỹ: Management Fund Company name: | C7: Công Ty TNHH Quản Lý Quỹ SSI SSI Asset Management Company Limited
A8: Tên ngân hàng giám sát: Supervising bank: | C8: Ngân Hàng TMCP Đầu tư và Phát triển Việt Nam - Chi nhánh Hà Thành Bank for Investment and Development of Vietnam Jsc - Hathanh Branch
A9: Tên Quỹ: Fund name: | C9: Quỹ ETF SSIAM VNX50 SSIAM VNX50 ETF
A10: Ngày lập báo cáo: Reporting Date: | C10: ='NGAY THANG'!C20 -> Ngày 15 tháng 10 năm 2026 15/10/2026
A12: I. Tình hình thực hiện hạn mức tự doanh đầu tư gián tiếp ra nước ngoài
A13: STT No. | B13: Chỉ tiêu | C13: Giá trị
C14: Ngoại tệ | D14: Tỷ VND (quy đổi)
A15: I | B15: Hạn mức tự doanh được Ngân hàng nhà nước xác nhận
A16: 1 | B16: Đô la Mỹ
A17: 2 | B17: …
A18: II | B18: Giá trị đã đầu tư tại thời điểm cuối tháng
A19: 1 | B19: Đô la Mỹ
A20: 2 | B20: …
A21: III | B21: Giá trị đã đầu tư trong tháng
A22: 1 | B22: Đô la Mỹ
A23: 2 | B23: …
A24: IV | B24: Giá trị còn được đầu tư (IV=I-II)
A25: 1 | B25: Đô la Mỹ
A26: 2 | B26: …
A27: (Tỷ giá được quy đổi theo tỷ giá giao dịch thực tế tại thời điểm phát sinh giao dịch)
A29: Đại diện có thẩm quyền của Ngân hàng giám sát | D29: Đại diện có thẩm quyền của Công ty quản lý Quỹ
A30: Authorised Representative of Supervisory Bank | D30: Authorised Representative of Fund Management Company
A38: Ngân hàng TMCP Đầu tư và Phát triển Việt Nam - CN Hà Thành | D38: Công ty TNHH Quản lý Quỹ SSI
A39: Nguyễn Mạnh Cường
A40: Phó Giám đốc

Sheet BC TS DT nuoc ngoai  
A1: Phụ lục 07. Mẫu báo cáo hoạt động đầu tư của quỹ ETF Appendix 07. Report on ETF Fund's Investment Activities
A2: (Ban hành kèm theo Thông tư số 98/2020/TT-BTC ngày 16 tháng 11 năm 2020 của Bộ Tài chính) (Issued in association with Circular 98/2020/TT-BTC)
A3: BÁO CÁO VỀ TÌNH HÌNH TỰ DOANH ĐẦU TƯ GIÁN TIẾP RA NƯỚC NGOÀI CỦA QUỸ PERIODICAL REPORT ON FUND'S FOREIGN PORFOLIO INVESTMENT
A4: ='NGAY THANG'!C21 -> Tại ngày 30 tháng 09 năm 2026 - As at 30 September 2026
A6: Tên công ty quản lý quỹ: Management Fund Company name: | C6: Công Ty TNHH Quản Lý Quỹ SSI SSI Asset Management Company Limited
A7: Tên ngân hàng giám sát: Supervising bank: | C7: Ngân Hàng TMCP Đầu tư và Phát triển Việt Nam - Chi nhánh Hà Thành Bank for Investment and Development of Vietnam Jsc - Hathanh Brach
A8: Tên Quỹ: Fund name: | C8: Quỹ ETF SSIAM VNX50 SSIAM VNX50 ETF
A9: Ngày lập báo cáo: Reporting Date: | C9: ='NGAY THANG'!C20 -> Ngày 15 tháng 10 năm 2026 15/10/2026
A11: II. BÁO CÁO VỀ TÀI SẢN ĐẦU TƯ GIÁN TIẾP RA NƯỚC NGOÀI/ ASSET OF FOREIGN PORFOLIO INVESTMENT REPORT
A12: TT NO | B12: Tài sản Assets | C12: Kỳ báo cáo This period | E12: Kỳ trước Previous period | G12: %/cùng kỳ năm trước %/same period of last year
C13: Ngoại tệ | D13: Tỷ VND | E13: Ngoại tệ | F13: Tỷ VND
A14: I.1 | B14: Tiền gửi ngân hàng và các khoản tương đương tiền Cash at bank and cash equivalent
B15: Tiền Cash in bank
B16: Tiền gửi ngân hàng Cash at bank
B17: Các khoản tương đương tiền Cash equivalent
A18: I.2 | B18: Các khoản đầu tư (kê chi tiết) Investments
A19: I.3 | B19: Cổ tức, trái tức được nhận Dividend and coupon receivables
A20: I.4 | B20: Lãi được nhận Interest receivables
A21: I.5 | B21: Tiền bán chứng khoán chờ thu (kê chi tiết) Receivables from investments sold but not yet settled (in details)
A22: I.6 | B22: Các khoản phải thu khác Other receivables
A23: I.7 | B23: Các tài sản khác Other assets
A24: I.8 | B24: Tổng tài sản Total Assets
A25: TT NO | B25: Nợ Liabilities | C25: Kỳ báo cáo This period | E25: Kỳ trước Previous period | G25: %/cùng kỳ năm trước %/same period of last year
C26: Ngoại tệ | D26: Tỷ VND | E26: Ngoại tệ | F26: Tỷ VND
A27: II.1 | B27: Tiền phải thanh toán mua chứng khoán (kê chi tiết) Paybles for securities bought but not yet settled (in details)
A28: II.2 | B28: Các khoản phải trả khác Other payables
A29: II.3 | B29: Tổng nợ Total liabilities
A30: (Tỷ giá được quy đổi theo tỷ giá giao dịch thực tế tại thời điểm phát sinh giao dịch)
A34: Đại diện có thẩm quyền của Ngân hàng giám sát | E34: Đại diện có thẩm quyền của Công ty quản lý Quỹ
A35: Authorised Representative of Supervisory Bank | E35: Authorised Representative of Fund Management Company
A45: Ngân hàng TMCP Đầu tư và Phát triển Việt Nam - Chi nhánh Hà Thành | E45: Công Ty TNHH Quản Lý Quỹ SSI
A46: Nguyễn Mạnh Cường
A47: Phó Giám đốc

Sheet BCKetQuaHoatDong DT nuoc ngoai 
A1: Phụ lục 07. Mẫu báo cáo hoạt động đầu tư của quỹ ETF Appendix 07. Report on ETF Fund's Investment Activities
A2: (Ban hành kèm theo Thông tư số 98/2020/TT-BTC ngày 16 tháng 11 năm 2020 của Bộ Tài chính) (Issued in association with Circular 98/2020/TT-BTC)
A3: BÁO CÁO VỀ TÌNH HÌNH TỰ DOANH ĐẦU TƯ GIÁN TIẾP RA NƯỚC NGOÀI CỦA QUỸ PERIODICAL REPORT ON FUND'S FOREIGN PORFOLIO INVESTMENT
A4: ='NGAY THANG'!C21 -> Tại ngày 30 tháng 09 năm 2026 - As at 30 September 2026
A6: Tên công ty quản lý quỹ: Management Fund Company name: | C6: Công Ty TNHH Quản Lý Quỹ SSI SSI Asset Management Company Limited
A7: Tên ngân hàng giám sát: Supervising bank: | C7: Ngân Hàng TMCP Đầu tư và Phát triển Việt Nam - Chi nhánh Hà Thành bank for Investment and Development of Vietnam Jsc - Hathanh Branch
A8: Tên Quỹ: Fund name: | C8: Quỹ ETF SSIAM VNX50 SSIAM VNX50 ETF
A9: Ngày lập báo cáo: Reporting Date: | C9: ='NGAY THANG'!C20 -> Ngày 15 tháng 10 năm 2026 15/10/2026
A11: III. BÁO CÁO KẾT QUẢ HOẠT ĐỘNG ĐẦU TƯ GIÁN TIẾP RA NƯỚC NGOÀI/ PROFIT AND LOSS REPORT FROM FOREIGN PORFOLIO INVESTMENT
A12: TT NO | B12: Chỉ tiêu Indicators | C12: Kỳ báo cáo This period | E12: Kỳ trước Previous period | G12: Lũy kế từ đầu năm Accumulated figure from the beginning of the year
C13: Ngoại tệ | D13: Tỷ VND | E13: Ngoại tệ | F13: Tỷ VND
A14: I | B14: Thu nhập từ hoạt động đầu tư gián tiếp ra nước ngoài Investment income from foreign porfolio investment
A15: 1 | B15: Cổ tức, trái tức được nhận Dividend, Bond coupon income
A16: 2 | B16: Lãi được nhận Interest income
A17: 3 | B17: Các khoản thu nhập khác (kê chi tiết) Other income
A18: II | B18: Chi phí đầu tư gián tiếp ra nước ngoài Expense from foreign porfolio investment
A19: 1 | B19: Phí lưu ký tại nước ngoài Custodian, Supervisory fee for foreign Supervisory Bank
A20: 2 | B20: Các loại phí khác (nêu chi tiết) Other fees (in details)
A21: III | B21: Thu nhập ròng từ hoạt động đầu tư gián tiếp ra nước ngoài (I-II) Net Income from foreign porfolio investment ( = I - II)
A22: IV | B22: Lãi (lỗ) từ hoạt động đầu tư gián tiếp ra nước ngoài Gain / (Loss) from foreign porfolio investment
A23: 1 | B23: Lãi (lỗ) thực tế phát sinh từ hoạt động đầu tư Realised Gain / (Loss) from disposal of investment
A24: 2 | B24: Thay đổi về giá trị của các khoản đầu tư trong kỳ Unrealised Gain / (Loss) due to market price
A25: (Tỷ giá được quy đổi theo tỷ giá giao dịch thực tế tại thời điểm phát sinh giao dịch)
A27: Đại diện có thẩm quyền của Ngân hàng giám sát | E27: Đại diện có thẩm quyền của Công ty quản lý Quỹ
A28: Authorised Representative of Supervisory Bank | E28: Authorised Representative of Fund Management Company
A39: Ngân hàng TMCP Đầu tư và Phát triển Việt Nam - Chi nhánh Hà Thành | E39: Công Ty TNHH Quản Lý Quỹ SSI
A40: Nguyễn Mạnh Cường
A41: Phó Giám Đốc

Sheet BCDanhMucDauTu DT nuoc ngoai 
A1: Phụ lục 07. Mẫu báo cáo hoạt động đầu tư của quỹ ETF Appendix 07. Report on ETF Fund's Investment Activities
A2: (Ban hành kèm theo Thông tư số 98/2020/TT-BTC ngày 16 tháng 11 năm 2020 của Bộ Tài chính) (Issued in association with Circular 98/2020/TT-BTC)
A3: BÁO CÁO VỀ TÌNH HÌNH TỰ DOANH ĐẦU TƯ GIÁN TIẾP RA NƯỚC NGOÀI CỦA QUỸ PERIODICAL REPORT ON FUND'S FOREIGN PORFOLIO INVESTMENT
A4: ='NGAY THANG'!C21 -> Tại ngày 30 tháng 09 năm 2026 - As at 30 September 2026
A6: Tên công ty quản lý quỹ: Management Fund Company name: | C6: Công Ty TNHH Quản Lý Quỹ SSI SSI Asset Management Company Limited
A7: Tên ngân hàng giám sát: Supervising bank: | C7: Ngân hàng TMCP Đầu tư và Phát triển Việt Nam - Chi nhánh Hà Thành Bank of Investment and Development of Vietnam Jsc - Hathanh Branch
A8: Tên Quỹ: Fund name: | C8: Quỹ ETF SSIAM VNX50 SSIAM VNX50 ETF
A9: Ngày lập báo cáo: Reporting Date: | C9: ='NGAY THANG'!C20 -> Ngày 15 tháng 10 năm 2026 15/10/2026
A11: IV. BÁO CÁO DANH MỤC TÀI SẢN ĐẦU TƯ GIÁN TIẾP RA NƯỚC NGOÀI/ FOREIGN INVESTMENT PORFOLIO REPORT
A12: STT | B12: Loại tài sản Asset types | C12: Số lượng Quantity | D12: Giá thị trường hoặc giá trị hợp lý tại ngày báo cáo Market price or fair value at reporting date | F12: Tổng giá trị Total value | H12: Tỷ lệ %/Tổng giá trị tài sản của quỹ %/Total asset value of the Fund
D13: Ngoại tệ | E13: Tỷ VND | F13: Ngoại tệ | G13: Tỷ VND
A14: I | B14: Chứng chỉ tiền gửi Certificates of deposit
A15: 1
B16: Tổng Total
A17: II | B17: Trái phiếu chính phủ Government bonds
A18: 1
B19: Tổng Total
A20: III | B20: Cổ phiếu niêm yết Listed equity
A21: 1
B22: Tổng Total
A23: IV | B23: Trái phiếu niêm yết Listed Bonds
A24: 1
B25: Tổng Total
A26: V | B26: Chứng chỉ quỹ niêm yết Listedt fund certificates
A27: 1
B28: Tổng Total
A29: VI | B29: Các tài sản khác Other assets
A30: 1
B31: Tổng Total
A32: VII | B32: Tổng giá trị danh mục Total value of portfolio
A34: (Tỷ giá được quy đổi theo tỷ giá giao dịch thực tế tại thời điểm phát sinh giao dịch)
A36: Đại diện có thẩm quyền của Ngân hàng giám sát | F36: Đại diện có thẩm quyền của Công ty quản lý Quỹ
A37: Authorised Representative of Supervisory Bank | F37: Authorised Representative of Fund Management Company
A49: Ngân hàng TMCP Đầu tư và Phát triển Việt Nam - Chi nhánh Hà Thành | F49: Công Ty TNHH Quản Lý Quỹ SSI
A50: Nguyễn Mạnh Cường
A51: Phó Giám đốc

Sheet BC Han muc nuoc ngoai
A1: Phụ lục 07. Mẫu báo cáo hoạt động đầu tư của quỹ ETF Appendix 07. Report on ETF Fund's Investment Activities
A2: (Ban hành kèm theo Thông tư số 98/2020/TT-BTC ngày 16 tháng 11 năm 2020 của Bộ Tài chính) (Issued in association with Circular 98/2020/TT-BTC)
A3: BÁO CÁO VỀ TÌNH HÌNH TỰ DOANH ĐẦU TƯ GIÁN TIẾP RA NƯỚC NGOÀI CỦA QUỸ REPORT ON FUND'S FOREIGN PORFOLIO INVESTMENT
A5: =Khac_06137!A4 -> Tại ngày 30 tháng 09 năm 2026 - As at 30 September 2026
A7: Tên công ty quản lý quỹ: Management Fund Company name: | C7: Công Ty TNHH Quản Lý Quỹ SSI SSI Asset Management Company Limited
A8: Tên ngân hàng giám sát: Supervising bank: | C8: Ngân Hàng TMCP Đầu tư và Phát triển Việt Nam - Chi nhánh Hà Thành Bank for Investment and Development of Vietnam Jsc - Hathanh Branch
A9: Tên Quỹ: Fund name: | C9: Quỹ ETF SSIAM VNX50 SSIAM VNX50 ETF
A10: Ngày lập báo cáo: Reporting Date: | C10: ='NGAY THANG'!C20 -> Ngày 15 tháng 10 năm 2026 15/10/2026
A12: I. Tình hình thực hiện hạn mức tự doanh đầu tư gián tiếp ra nước ngoài
A13: STT No. | B13: Chỉ tiêu | C13: Giá trị
C14: Ngoại tệ | D14: Tỷ VND (quy đổi)
A15: I | B15: Hạn mức tự doanh được Ngân hàng nhà nước xác nhận
A16: 1 | B16: Đô la Mỹ
A17: 2 | B17: …
A18: II | B18: Giá trị đã đầu tư tại thời điểm cuối tháng
A19: 1 | B19: Đô la Mỹ
A20: 2 | B20: …
A21: III | B21: Giá trị đã đầu tư trong tháng
A22: 1 | B22: Đô la Mỹ
A23: 2 | B23: …
A24: IV | B24: Giá trị còn được đầu tư (IV=I-II)
A25: 1 | B25: Đô la Mỹ
A26: 2 | B26: …
A27: (Tỷ giá được quy đổi theo tỷ giá giao dịch thực tế tại thời điểm phát sinh giao dịch)
A29: Đại diện có thẩm quyền của Ngân hàng giám sát | D29: Đại diện có thẩm quyền của Công ty quản lý Quỹ
A30: Authorised Representative of Supervisory Bank | D30: Authorised Representative of Fund Management Company
A38: Ngân hàng TMCP Đầu tư và Phát triển Việt Nam - CN Hà Thành | D38: Công ty TNHH Quản lý Quỹ SSI
A39: Nguyễn Mạnh Cường
A40: Phó Giám đốc

Sheet BC TS DT nuoc ngoai
A1: Phụ lục 07. Mẫu báo cáo hoạt động đầu tư của quỹ ETF Appendix 07. Report on ETF Fund's Investment Activities
A2: (Ban hành kèm theo Thông tư số 98/2020/TT-BTC ngày 16 tháng 11 năm 2020 của Bộ Tài chính) (Issued in association with Circular 98/2020/TT-BTC)
A3: BÁO CÁO VỀ TÌNH HÌNH TỰ DOANH ĐẦU TƯ GIÁN TIẾP RA NƯỚC NGOÀI CỦA QUỸ PERIODICAL REPORT ON FUND'S FOREIGN PORFOLIO INVESTMENT
A4: =B04_181!A5 -> Tại ngày 30 tháng 09 năm 2026 - As at 30 September 2026
A6: Tên công ty quản lý quỹ: Management Fund Company name: | C6: Công Ty TNHH Quản Lý Quỹ SSI SSI Asset Management Company Limited
A7: Tên ngân hàng giám sát: Supervising bank: | C7: Ngân Hàng TMCP Đầu tư và Phát triển Việt Nam - Chi nhánh Hà Thành Bank for Investment and Development of Vietnam Jsc - Hathanh Brach
A8: Tên Quỹ: Fund name: | C8: Quỹ ETF SSIAM VNX50 SSIAM VNX50 ETF
A9: Ngày lập báo cáo: Reporting Date: | C9: ='BC Han muc nuoc ngoai'!C10:D10 -> Ngày 15 tháng 10 năm 2026 15/10/2026
A11: II. BÁO CÁO VỀ TÀI SẢN ĐẦU TƯ GIÁN TIẾP RA NƯỚC NGOÀI/ ASSET OF FOREIGN PORFOLIO INVESTMENT REPORT
A12: TT NO | B12: Tài sản Assets | C12: Kỳ báo cáo This period | E12: Kỳ trước Previous period | G12: %/cùng kỳ năm trước %/same period of last year
C13: Ngoại tệ | D13: Tỷ VND | E13: Ngoại tệ | F13: Tỷ VND
A14: I.1 | B14: Tiền gửi ngân hàng và các khoản tương đương tiền Cash at bank and cash equivalent
B15: Tiền Cash in bank
B16: Tiền gửi ngân hàng Cash at bank
B17: Các khoản tương đương tiền Cash equivalent
A18: I.2 | B18: Các khoản đầu tư (kê chi tiết) Investments
A19: I.3 | B19: Cổ tức, trái tức được nhận Dividend and coupon receivables
A20: I.4 | B20: Lãi được nhận Interest receivables
A21: I.5 | B21: Tiền bán chứng khoán chờ thu (kê chi tiết) Receivables from investments sold but not yet settled (in details)
A22: I.6 | B22: Các khoản phải thu khác Other receivables
A23: I.7 | B23: Các tài sản khác Other assets
A24: I.8 | B24: Tổng tài sản Total Assets
A25: TT NO | B25: Nợ Liabilities | C25: Kỳ báo cáo This period | E25: Kỳ trước Previous period | G25: %/cùng kỳ năm trước %/same period of last year
C26: Ngoại tệ | D26: Tỷ VND | E26: Ngoại tệ | F26: Tỷ VND
A27: II.1 | B27: Tiền phải thanh toán mua chứng khoán (kê chi tiết) Paybles for securities bought but not yet settled (in details)
A28: II.2 | B28: Các khoản phải trả khác Other payables
A29: II.3 | B29: Tổng nợ Total liabilities
A30: (Tỷ giá được quy đổi theo tỷ giá giao dịch thực tế tại thời điểm phát sinh giao dịch)
A34: Đại diện có thẩm quyền của Ngân hàng giám sát | E34: Đại diện có thẩm quyền của Công ty quản lý Quỹ
A35: Authorised Representative of Supervisory Bank | E35: Authorised Representative of Fund Management Company
A41: Ngân hàng TMCP Đầu tư và Phát triển Việt Nam - Chi nhánh Hà Thành | E41: Công Ty TNHH Quản Lý Quỹ SSI
A42: Nguyễn Mạnh Cường
A43: Phó Giám đốc

Sheet BCKetQuaHoatDong DT nuoc ngoai
A1: Phụ lục 07. Mẫu báo cáo hoạt động đầu tư của quỹ ETF Appendix 07. Report on ETF Fund's Investment Activities
A2: (Ban hành kèm theo Thông tư số 98/2020/TT-BTC ngày 16 tháng 11 năm 2020 của Bộ Tài chính) (Issued in association with Circular 98/2020/TT-BTC)
A3: BÁO CÁO VỀ TÌNH HÌNH TỰ DOANH ĐẦU TƯ GIÁN TIẾP RA NƯỚC NGOÀI CỦA QUỸ PERIODICAL REPORT ON FUND'S FOREIGN PORFOLIO INVESTMENT
A4: ='NGAY THANG'!C17 -> Năm 2026/Year 2026
A6: Tên công ty quản lý quỹ: Management Fund Company name: | C6: Công Ty TNHH Quản Lý Quỹ SSI SSI Asset Management Company Limited
A7: Tên ngân hàng giám sát: Supervising bank: | C7: Ngân Hàng TMCP Đầu tư và Phát triển Việt Nam - Chi nhánh Hà Thành bank for Investment and Development of Vietnam Jsc - Hathanh Branch
A8: Tên Quỹ: Fund name: | C8: Quỹ ETF SSIAM VNX50 SSIAM VNX50 ETF
A9: Ngày lập báo cáo: Reporting Date: | C9: ='BC TS DT nuoc ngoai'!C9:E9 -> Ngày 15 tháng 10 năm 2026 15/10/2026
A11: III. BÁO CÁO KẾT QUẢ HOẠT ĐỘNG ĐẦU TƯ GIÁN TIẾP RA NƯỚC NGOÀI/ PROFIT AND LOSS REPORT FROM FOREIGN PORFOLIO INVESTMENT
A12: TT NO | B12: Chỉ tiêu Indicators | C12: Kỳ báo cáo This period | E12: Kỳ trước Previous period | G12: Lũy kế từ đầu năm Accumulated figure from the beginning of the year
C13: Ngoại tệ | D13: Tỷ VND | E13: Ngoại tệ | F13: Tỷ VND
A14: I | B14: Thu nhập từ hoạt động đầu tư gián tiếp ra nước ngoài Investment income from foreign porfolio investment
A15: 1 | B15: Cổ tức, trái tức được nhận Dividend, Bond coupon income
A16: 2 | B16: Lãi được nhận Interest income
A17: 3 | B17: Các khoản thu nhập khác (kê chi tiết) Other income
A18: II | B18: Chi phí đầu tư gián tiếp ra nước ngoài Expense from foreign porfolio investment
A19: 1 | B19: Phí lưu ký tại nước ngoài Custodian, Supervisory fee for foreign Supervisory Bank
A20: 2 | B20: Các loại phí khác (nêu chi tiết) Other fees (in details)
A21: III | B21: Thu nhập ròng từ hoạt động đầu tư gián tiếp ra nước ngoài (I-II) Net Income from foreign porfolio investment ( = I - II)
A22: IV | B22: Lãi (lỗ) từ hoạt động đầu tư gián tiếp ra nước ngoài Gain / (Loss) from foreign porfolio investment
A23: 1 | B23: Lãi (lỗ) thực tế phát sinh từ hoạt động đầu tư Realised Gain / (Loss) from disposal of investment
A24: 2 | B24: Thay đổi về giá trị của các khoản đầu tư trong kỳ Unrealised Gain / (Loss) due to market price
A25: (Tỷ giá được quy đổi theo tỷ giá giao dịch thực tế tại thời điểm phát sinh giao dịch)
A27: Đại diện có thẩm quyền của Ngân hàng giám sát | E27: Đại diện có thẩm quyền của Công ty quản lý Quỹ
A28: Authorised Representative of Supervisory Bank | E28: Authorised Representative of Fund Management Company
A39: Ngân hàng TMCP Đầu tư và Phát triển Việt Nam - Chi nhánh Hà Thành | E39: Công Ty TNHH Quản Lý Quỹ SSI
A40: Nguyễn Mạnh Cường
A41: Phó Giám Đốc

Sheet BCDanhMucDauTu DT nuoc ngoai
A1: Phụ lục 07. Mẫu báo cáo hoạt động đầu tư của quỹ ETF Appendix 07. Report on ETF Fund's Investment Activities
A2: (Ban hành kèm theo Thông tư số 98/2020/TT-BTC ngày 16 tháng 11 năm 2020 của Bộ Tài chính) (Issued in association with Circular 98/2020/TT-BTC)
A3: BÁO CÁO VỀ TÌNH HÌNH TỰ DOANH ĐẦU TƯ GIÁN TIẾP RA NƯỚC NGOÀI CỦA QUỸ PERIODICAL REPORT ON FUND'S FOREIGN PORFOLIO INVESTMENT
A4: =Khac_06137!A4 -> Tại ngày 30 tháng 09 năm 2026 - As at 30 September 2026
A6: Tên công ty quản lý quỹ: Management Fund Company name: | C6: Công Ty TNHH Quản Lý Quỹ SSI SSI Asset Management Company Limited
A7: Tên ngân hàng giám sát: Supervising bank: | C7: Ngân hàng TMCP Đầu tư và Phát triển Việt Nam - Chi nhánh Hà Thành Bank of Investment and Development of Vietnam Jsc - Hathanh Branch
A8: Tên Quỹ: Fund name: | C8: Quỹ ETF SSIAM VNX50 SSIAM VNX50 ETF
A9: Ngày lập báo cáo: Reporting Date: | C9: ='BCKetQuaHoatDong DT nuoc ngoai'!C9 -> Ngày 15 tháng 10 năm 2026 15/10/2026
A11: IV. BÁO CÁO DANH MỤC TÀI SẢN ĐẦU TƯ GIÁN TIẾP RA NƯỚC NGOÀI/ FOREIGN INVESTMENT PORFOLIO REPORT
A12: STT | B12: Loại tài sản Asset types | C12: Số lượng Quantity | D12: Giá thị trường hoặc giá trị hợp lý tại ngày báo cáo Market price or fair value at reporting date | F12: Tổng giá trị Total value | H12: Tỷ lệ %/Tổng giá trị tài sản của quỹ %/Total asset value of the Fund
D13: Ngoại tệ | E13: Tỷ VND | F13: Ngoại tệ | G13: Tỷ VND
A14: I | B14: Chứng chỉ tiền gửi Certificates of deposit
A15: 1
B16: Tổng Total
A17: II | B17: Trái phiếu chính phủ Government bonds
A18: 1
B19: Tổng Total
A20: III | B20: Cổ phiếu niêm yết Listed equity
A21: 1
B22: Tổng Total
A23: IV | B23: Trái phiếu niêm yết Listed Bonds
A24: 1
B25: Tổng Total
A26: V | B26: Chứng chỉ quỹ niêm yết Listedt fund certificates
A27: 1
B28: Tổng Total
A29: VI | B29: Các tài sản khác Other assets
A30: 1
B31: Tổng Total
A32: VII | B32: Tổng giá trị danh mục Total value of portfolio
A34: (Tỷ giá được quy đổi theo tỷ giá giao dịch thực tế tại thời điểm phát sinh giao dịch)
A36: Đại diện có thẩm quyền của Ngân hàng giám sát | F36: Đại diện có thẩm quyền của Công ty quản lý Quỹ
A37: Authorised Representative of Supervisory Bank | F37: Authorised Representative of Fund Management Company
A49: Ngân hàng TMCP Đầu tư và Phát triển Việt Nam - Chi nhánh Hà Thành | F49: Công Ty TNHH Quản Lý Quỹ SSI
A50: Nguyễn Mạnh Cường
A51: Phó Giám đốc
